 Dungeon Crawl Stone Soup version 0.19.4-9-g45fd643 (webtiles) character file.

1879999 winWinterter the Conqueror (level 27, -21/195 HPs)
             Began as a Formicid Fighter on Feb 14, 2017.
             Was the Champion of Uskayaw.
             Demolished by Raifedd the pandemonium lord (44 damage)
             ... on level 19 of a ziggurat on Feb 20, 2017.
             The game lasted 15:29:52 (140131 turns).

winWinterter the Conqueror (Formicid Fighter)     Turns: 140131, Time: 15:29:52

Health: -21/195    AC: 48    Str: 41    XL:     27
Magic:  28/63      EV: 31    Int: 21    God:    Uskayaw [******]
Gold:   15851      SH: 38    Dex: 23    Spells: 15 memorised, 2 levels left

rFire  + + +     SeeInvis +     e - +8 frozen axe "Frostbite" {freezing cloud, *Noise +Fly rC+}
rCold  + + +     Gourm    .     R - +12 gold dragon scales
rNeg   . . .     Faith    .     O - +7 large shield "Axkuadwo" {Regen+}
rPois  +         Spirit   .     (helmet unavailable)
rElec  +         Reflect  .     Q - +0 cloak "Openo" {*Drain Str+6}
rCorr  +         Harm     +     r - +3 pair of gauntlets of War {Slay+5}
MR     +++..                    C - +2 pair of boots of the Assassin {DetectMon Stab+ Stlth++}
Stlth  +.........               z - amulet "Deiryty" {Harm *Drain rF++ Int+6 Dex+4}
                                H - ring of Honesty {*Contam rC++ MP+9 Str+8 SInv}
                                Y - ring of the Crushed Curses {rCorr rPois Str+2 Int+4 Dex+3}

@: corroded, very slightly contaminated, studying 3 skills
A: permanent stasis, dig shafts and tunnels, four strong arms, antennae 3,
iridescent scales 1, camouflage 1, magic resistance 1, robust 1, electricity
resistance, evolution 1, sturdy frame 1
a: Dig, Shaft Self, Stomp, Line Pass, Grand Finale, Renounce Religion, Evoke
Flight
}: 15/15 runes: serpentine, barnacled, slimy, silver, golden, iron, obsidian,
icy, bone, abyssal, demonic, glowing, magical, fiery, dark


You were on level 19 of a ziggurat.
You worshipped Uskayaw.
Uskayaw was exalted by your worship.
You were very full.

You visited 18 branches of the dungeon, and saw 90 of its levels.
You visited Pandemonium 3 times, and saw 23 of its levels.
You visited the Abyss 2 times.
You visited 5 ziggurats (completing 3), and saw 116 of their levels.
You also visited: Labyrinth, Sewer, Ice Cave and Wizlab.

You collected 20056 gold pieces.
You spent 4205 gold pieces at shops.

Inventory:

Hand Weapons
 e - the +8 frozen axe "Frostbite" (weapon) {freezing cloud, *Noise +Fly rC+}
   (You found it on level 27 of a ziggurat)

   It has been specially enchanted to freeze those struck by it, causing extra
   injury to most foes and up to half again as much damage against particularly
   susceptible opponents.
   It can also slow down cold-blooded creatures.
   It protects you from cold.
   It lets you fly.
   It may make noises in combat.
 h - a +9 executioner's axe of flaming
 k - a +9 vampiric battleaxe
 v - a +9 battleaxe of holy wrath
Missiles
 d - 78 javelins of penetration
 M - 83 javelins of returning (quivered)
Armour
 r - the +3 pair of gauntlets of War (worn) {Slay+5}
   (You found it on level 27 of a ziggurat)

   It affects your accuracy and damage with ranged weapons and melee attacks
   (+5).
 C - the +2 pair of boots of the Assassin (worn) {DetectMon Stab+ Stlth++}
   (Okawaru gifted it to you on level 3 of the Elven Halls)

   It makes you much more stealthy.
 O - the +7 large shield "Axkuadwo" (worn) {Regen+}
   (You acquired it in a wizard's laboratory)

   It increases your rate of regeneration.
 Q - the +0 cloak "Openo" (worn) {*Drain Str+6}
   (Okawaru gifted it to you on level 4 of the Shoals)

   It affects your strength (+6).
   It causes draining when unequipped.
 R - +12 gold dragon scales (worn)
Jewellery
 a - the amulet "Xischale" {Faith Int+6}
   (You found it on level 5 of the Pits of Slime)

   [amulet of faith]

   It allows you to gain divine favour quickly.
   It affects your intelligence (+6).
 t - the ring "Ceankane" {*Drain rF+ MP+9 Str+6}
   (You found it on level 22 of a ziggurat)

   [ring of magical power]

   It affects your strength (+6).
   It protects you from fire.
   It affects your magic capacity (+9).
   It causes draining when unequipped.
 z - the amulet "Deiryty" (around neck) {Harm *Drain rF++ Int+6 Dex+4}
   (You took it off a frost giant on level 5 of the Vaults)

   [amulet of harm]

   It increases damage dealt and taken.
   It affects your intelligence (+6).
   It affects your dexterity (+4).
   It greatly protects you from fire.
   It causes draining when unequipped.
 A - the ring of Yjuutza {rC+ AC+2 Dex+2 Slay+5}
   (You found it on level 24 of a ziggurat)

   [ring of protection]

   It affects your AC (+2).
   It affects your dexterity (+2).
   It affects your accuracy and damage with ranged weapons and melee attacks
   (+5).
   It protects you from cold.
 H - the ring of Honesty (right hand) {*Contam rC++ MP+9 Str+8 SInv}
   (You found it on level 11 of a ziggurat)

   [ring of magical power]

   It affects your strength (+8).
   It greatly protects you from cold.
   It affects your magic capacity (+9).
   It lets you see invisible.
   It causes magical contamination when unequipped.
 P - the ring "Suzesom" {rN+ MR+ Str+6 Dex+5}
   (You found it on level 3 of the Crypt)

   [ring of positive energy]

   It affects your strength (+6).
   It affects your dexterity (+5).
   It protects you from negative energy.
   It affects your resistance to hostile enchantments.
 Y - the ring of the Crushed Curses (left hand) {rCorr rPois Str+2 Int+4 Dex+3}
   (You found it on level 25 of a ziggurat)

   [ring of resist corrosion]

   It affects your strength (+2).
   It affects your intelligence (+4).
   It affects your dexterity (+3).
   It protects you from poison.
Wands
 s - a wand of heal wounds (0/9)
 y - a wand of heal wounds (0/9)
 J - a wand of lightning (6/15)
Scrolls
 b - 2 scrolls of silence
 n - 10 scrolls of amnesia
 o - 77 scrolls of remove curse
 p - 14 scrolls of fear
 w - 39 scrolls of fog
 F - 2 scrolls of summoning
 K - 37 scrolls of recharging
 S - 31 scrolls of enchant armour
 U - 11 scrolls of holy word
 V - 26 scrolls of enchant weapon
 W - 32 scrolls of magic mapping
 X - 10 scrolls of identify
Potions
 c - 3 potions of resistance
 i - 7 potions of invisibility
 j - a potion of ambrosia
 m - 47 potions of cure mutation
 B - 16 potions of curing
 D - 14 potions of flight
 E - 10 potions of heal wounds
Books
 g - a manual of Stealth
 l - a manual of Translocations
 q - a manual of Hexes
Miscellaneous
 u - 34 phantom mirrors
Comestibles
 f - 20 bread rations


   Skills:
 O Level 27 Fighting
   Level 11.3 Long Blades
 O Level 27 Axes
   Level 6.5(19.5) Maces & Flails
   Level 8.6(20.0) Polearms
 O Level 27 Throwing
 O Level 27 Armour
 O Level 27 Dodging
 - Level 9.8 Stealth
 O Level 27 Shields
 - Level 7.1 Unarmed Combat
 O Level 27 Spellcasting
 O Level 27 Conjurations
 - Level 12.2 Hexes
 O Level 27 Charms
 O Level 27 Summonings
 O Level 27 Necromancy
 - Level 7.3 Translocations
 O Level 27 Transmutations
 O Level 27 Fire Magic
 O Level 27 Ice Magic
 * Level 18.4 Air Magic
 - Level 11.0 Earth Magic
 O Level 27 Invocations
 O Level 27 Evocations


You had 2 spell levels left.
You knew the following spells:

 Your Spells              Type           Power        Failure   Level  Hunger
a - Song of Slaying       Chrm           #######.     0%          2    None
b - Regeneration          Chrm/Necr      #######...   0%          3    None
c - Fire Storm            Conj/Fire      #######...   14%         9    #######
d - Aura of Abjuration    Summ           #######...   0%          5    None
e - Statue Form           Tmut/Erth      #######..    1%          6    None
f - Glaciate              Conj/Ice       #######...   14%         9    #######
g - Summon Butterflies    Summ           #######.     0%          1    None
h - Apportation           Tloc           ######....   1%          1    None
i - Necromutation         Tmut/Necr      #######...   1%          8    #####..
j - Borgnjor's Revivific  Necr           #######...   1%          8    #####..
k - Deflect Missiles      Chrm/Air       #######...   1%          6    None
l - Passage of Golubria   Tloc           N/A          1%          4    None
m - Swiftness             Chrm/Air       #######.     0%          2    None
o - Dragon's Call         Summ           #######...   14%         9    #######
p - Silence               Hex/Air        #######...   1%          5    None


Dungeon Overview and Level Annotations

Branches:
Dungeon (15/15)            Temple (1/1) D:7            Lair (6/6) D:8
 Shoals (4/4) Lair:2        Snake (4/4) Lair:4        Slime (5/5) Lair:5
    Orc (2/2) D:10            Elf (3/3) Orc:2        Vaults (5/5) D:14
  Crypt (3/3) Vaults:2       Tomb (3/3) Crypt:3      Depths (5/5) D:15
   Hell (1/1)                 Dis (7/7) Hell            Geh (7/7) Hell
    Coc (7/7) Hell            Tar (7/7) Hell            Zot (5/5) Depths:5

Altars:
Ashenzari
Cheibriados
Dithmenos
Elyvilon
Fedhas
Gozag
Hepliaklqana
Kikubaaqudgha
Makhleb
Nemelex Xobeh
Okawaru
Qazlal
Ru
Sif Muna
Trog
Uskayaw
Vehumet
Xom
Yredelemnul
Zin
The Shining One
Beogh
Jiyva

Shops:
D:5 ![   D:10 [   D:12 [   D:15 (   Orc:1 ?   Orc:2 }!?[   Shoals:3 *
Vaults:2 [   Depths:4 }}(:

Portals:
Hell: Depths:1 Depths:2 Depths:3 Depths:4 Depths:5
Abyss: Depths:1 Depths:2 Depths:3 Depths:4
Pandemonium: Depths:3 Depths:4

Annotations:
Lair:6 exclusion: oklob plant


Innate Abilities, Weirdness & Mutations

You are under a permanent stasis effect.
You can dig through walls and to a lower floor.
Your four strong arms can wield two-handed weapons with a shield.
You have a pair of large antennae on your head. (SInv)
You are partially covered in iridescent scales. (AC +2)
Your skin changes colour to match your surroundings (Stealth+).
You are resistant to hostile enchantments. (MR+)
You are robust. (+10% HP)
You are resistant to electric shocks. (rElec)
You evolve.
Your movements are slightly less encumbered by armour. (ER -2)


Message History

* * * LOW HITPOINT WARNING * * *
x2 The sphinx is engulfed in freezing vapours.
The apocalypse crab is engulfed in freezing vapours.
Aiming: Grand Finale
Press: ? - help, Shift-Dir - straight line, f - hell rat
Aim: a hell rat (summoned) Unknown command.
Casting: Glaciate
Confirm with . or Enter, or press ? or * to list all spells.
Okay, then.
Unknown command.
You feel yourself come back to life. You block Kenirghegru's attack.
You block Wimatief's attack. You block Kenirghegru's attack. Duopp hits you.
* * * LOW HITPOINT WARNING * * *
You block the jumping spider's attack.
The jumping spider bites you but does no damage.
Raifedd is engulfed in freezing vapours.
Raifedd hits you!!!
You die...

▓▓.........
▓▓........§.
▓▓........§§.
▓▓........§§§.
▓▓.........8§§r
▓▓......St§&§§§.
▓▓......§&&§§.8rr
▓.∩^...§&@&&t§§§*
▓▓^.....s&&§§§§§│
▓▓......†H§8§§§.
▓▓........§§§§.
▓▓..†.....§§§.
▓▓......§.§§.
▓▓........§.
▓▓.........
▓▓▓▓▓▓▓▓▓


You could see Duopp, Kenirghegru, Ledik, Raifedd, Risal, Ubbom, Vesiroj
(invisible), Wimatief, a sphinx, 2 apocalypse crabs, a guardian serpent, a
jumping spider and 3 hell rats.

Vanquished Creatures
  Cerebov (Pan)
  Asmodeus (Geh:7)
  the Royal Jelly (Slime:5)
  Antaeus (Coc:7)
  The ghost of Sagrath01 the Sorcerer, a legendary DsWz of Vehumet (Zig:15)
  Gloorx Vloq (Pan)
  Ereshkigal (Tar:7)
  A seraph (Pan)
  The ghost of Goblin1989 the Petrodigitator, a legendary DDEE of Makhleb (Zig:21)
  Mnoleg (Pan)
  the Serpent of Hell (Coc:7)
  Lom Lobon (Pan)
  Khufu (Crypt:2)
  Dispater (Dis:7)
  The ghost of Agrougrou the Minotaur Barricade, a legendary MiFi of the Shining One (Zig:7)
  The ghost of Azzok the Axe Maniac, a legendary MiBe of the Shining One (Zig:16)
  Mara (Snake:4)
  14 orbs of fire
  66 pandemonium lords
  34 ancient liches
  18 juggernauts
  63 greater mummies
  Bai Suzhen (Shoals:4)
  Boris (Crypt:1)
  6 shard shrikes
  20 Killer Klowns
  3 curse toes
  Vashnia (Snake:3)
  16 caustic shrikes
  Saint Roka (Vaults:1)
  Nikola (Shoals:4)
  49 golden dragons
  Geryon (Hell)
  5 pearl dragons
  39 bone dragons
  9 profane servitors
  20 doom hounds
  26 electric golems
  53 tentacled monstrosities
  32 iron giants
  28 liches
  49 Brimstone Fiends
  69 Tzitzimimeh
  Rupert (D:14)
  34 Hell Sentinels
  44 Ice Fiends
  18 hellephants
  26 deep elf blademasters
  25 Orb Guardians (Zot:5)
  40 titans
  41 Executioners
  The ghost of Stiffzip the Executioner, an adept MiBe of Trog (Elf:3)
  24 quicksilver dragons
  3 krakens
  18 sphinxes
  114 acid blobs
  13 tentacled starspawn
  59 deep elf master archers
  Frances (D:12)
  6 eldritch tentacles
  55 ancient champions
  2 sphinxes (shapeshifter) (Zig:18)
  8 death cobs
  The ghost of Stiffzip the Phalangite, an adept MiBe of Trog (Elf:3)
  5 thorn hunters
  Roxanne (Elf:1)
  31 storm dragons
  36 shadow dragons
  2 azure jellies (shapeshifter)
  2 shadow dragons (shapeshifter) (Zig:18)
  13 tengu reavers
  Agnes (Snake:1)
  Donald (Orc:2)
  Ilsuiw (Shoals:4)
  23 revenants
  18 draconian monks
  22 daevas
  75 nagarajas
  54 azure jellies
  61 ghost moths
  A frost giant (shapeshifter) (Zig:18)
  31 draconian scorchers
  53 fire giants
  36 frost giants
  14 iron dragons
  27 draconian knights
  A fire giant (shapeshifter) (Zig:18)
  An iron dragon (shapeshifter) (Zig:19)
  An imperial myrmidon (Elf:2)
  13 deep elf sorcerers
  15 draconian zealots
  22 vault wardens
  43 cacodemons
  12 juggernaut zombies
  17 orc warlords
  30 warmongers
  21 emperor scorpions
  101 balrugs
  20 curse skulls
  10 caustic shrike zombies
  35 angels
  22 draconian annihilators
  160 reapers
  4 juggernaut skeletons
  3 spriggan defenders
  20 draconian shifters
  6 deep elf elementalists
  22 ghouls
  30 ironheart preservers
  30 blood saints
  57 very ugly things
  6 elemental wellsprings (Coc:7)
  82 stone giants
  A stone giant (shapeshifter) (Zig:18)
  41 corrupters
  15 ophanim
  15 draconian callers
  11 caustic shrike skeletons
  31 war gargoyles
  49 entropy weavers
  33 apis
  A spectral titan (Zig:16)
  21 green draconians
  32 black suns
  41 vampire knights
  18 bennus
  24 deep elf demonologists
  20 purple draconians
  21 dire elephants
  27 deep elf annihilators
  16 black draconians
  19 yellow draconians
  20 lorocyprocas
  2 dire elephants (shapeshifter)
  18 mottled draconians
  16 white draconians
  17 spark wasps
  26 eidola
  24 red draconians
  23 fire dragons
  19 deep elf death magi
  64 blizzard demons
  75 green deaths
  11 death oozes
  35 ettins
  19 jiangshi
  46 merfolk javelineers
  A minotaur (Lab)
  7 crystal guardians
  54 mummy priests
  Erolcha (Orc:2)
  24 merfolk impalers
  50 deep elf high priests
  A kraken zombie (Coc:3)
  22 ogre magi
  42 great orbs of eyes
  A great orb of eyes (shapeshifter) (Zig:19)
  A ragged hierophant (Elf:2)
  13 monstrous demonspawn
  13 quicksilver dragon zombies
  10 rakshasas
  62 hydras
  20 naga warriors
  46 yaktaur captains
  3 juggernaut simulacra
  32 vault guards
  Harold (Lair:1)
  8 quicksilver dragon skeletons
  22 spriggan air magi
  15 hell beasts
  28 ice dragons
  3 caustic shrike simulacra
  4 catoblepae
  A hydra (shapeshifter) (Zig:17)
  5 ghost crabs
  2 anacondas (shapeshifter) (Zig:18)
  19 anacondas
  11 merfolk avatars
  13 death knights
  11 alligators
  2 alligator snapping turtles (shapeshifter) (Zig:19)
  16 alligator snapping turtles
  A catoblepas (shapeshifter) (Zig:18)
  32 centaur warriors
  37 merfolk aquamancers
  The ghost of North the Destroyer, a journeyman GrEE of Vehumet (D:10)
  20 titan zombies
  5 deep troll shamans
  24 satyrs
  A spectral stone giant (Zig:7)
  4 death yaks
  7 deep troll earth magi
  50 death scarabs
  6 holy swine (Pan)
  22 tengu warriors
  38 hell hogs
  68 dancing weapons
  24 vampire magi
  The ghost of Kosschaser the Covert, a journeyman VSAs (D:13)
  17 orc high priests
  57 naga sharpshooters
  134 sun demons
  32 thrashing horrors
  89 soul eaters
  11 spriggan berserkers
  41 deep elf knights
  7 spriggans
  Nergalle (Orc:2)
  31 shock serpents
  10 iron golems
  16 titan skeletons
  8 fire crabs
  22 golden dragon zombies
  2 fire crabs (shapeshifter)
  A spectral elf (Zig:16)
  27 shadow wraiths
  30 wretched stars
  2 spark wasp zombies
  47 sixfirhies
  39 sea snakes
  39 hell knights
  10 storm dragon zombies
  9 iron trolls
  3 salamander mystics
  10 storm dragon skeletons
  4 ghost moth zombies
  8 glowing orange brains
  18 cherubim
  A deep troll (shapeshifter) (Zig:9)
  5 unseen horrors
  12 spatial maelstroms
  22 infernal demonspawn
  226 skeletal warriors
  7 anaconda zombies
  59 shadow demons
  25 torturous demonspawn (Pan)
  22 deep trolls
  A spectral iron dragon (Zig:16)
  16 spriggan druids
  2 quicksilver dragon simulacra (Depths:2)
  15 gelid demonspawn
  13 wizards
  21 hill giants
  14 naga ritualists
  25 swamp dragons
  64 harpies
  2 orange crystal statues (Abyss:4)
  76 starcursed masses
  47 flayed ghosts
  6 wolf spider zombies
  9 anaconda skeletons
  37 deep elf archers
  40 death drakes
  16 shadow dragon zombies
  35 phantasmal warriors
  A swamp dragon (shapeshifter) (Zig:4)
  28 shambling mangroves
  13 golden dragon skeletons
  2 kraken simulacra
  8 tengu zombies
  141 deep elf magi
  The ghost of Quirk the Skirmisher, a novice DsFi of Makhleb (D:6)
  31 orc knights
  53 orb spiders
  15 stone giant zombies
  13 iron dragon zombies
  A harpy (shapeshifter) (Vaults:3)
  11 shadow dragon skeletons
  7 sphinx zombies
  37 fauns
  23 ironbrand convokers
  13 fire giant zombies
  22 orc sorcerers
  65 ugly things
  15 mana vipers
  6 oklob plants
  2 wolf spiders (shapeshifter)
  A glowing shapeshifter (Zig:17)
  51 wolf spiders
  2 moths of wrath (shapeshifter)
  27 manticores
  2 fauns (shapeshifter)
  22 necromancers
  64 moths of wrath
  4 sphinx skeletons
  16 frost giant zombies
  8 elephants
  2 worldbinders (Zig:27)
  23 guardian serpents
  12 frost giant skeletons
  27 shining eyes
  36 cyclopes
  An elephant (shapeshifter) (Zig:4)
  16 fire giant skeletons
  2 centaur zombies
  10 ice statues
  11 apocalypse crabs
  10 dire elephant zombies
  8 salamanders
  15 iron dragon skeletons
  A water nymph (shapeshifter) (Vaults:5)
  21 sirens
  18 eyes of devastation
  106 rust devils
  4 catoblepas zombies
  49 water nymphs
  15 stone giant skeletons
  11 spriggan zombies
  23 vault sentinels
  6 centaur skeletons
  22 molten gargoyles
  84 black mambas
  33 spiny frogs
  13 gargoyles
  36 torpor snails
  An elephant slug zombie (Crypt:3)
  6 titan simulacra
  36 naga magi
  2 shock serpent zombies
  113 smoke demons
  49 orange demons
  A white draconian zombie (Tar:7)
  10 spriggan skeletons
  The ghost of lanroth the Chopper, a novice HuGl (D:5)
  3 shock serpent skeletons
  2 torpor snails (shapeshifter) (Zig:9)
  7 storm dragon simulacra (Coc:7)
  16 elf skeletons
  2 green draconian zombies
  77 hellions
  A rime drake (Zig:26)
  2 kobold demonologists
  59 ice devils
  6 human zombies
  24 efreet
  9 emperor scorpion zombies
  A rime drake (shapeshifter) (Vaults:2)
  2 yaktaur zombies (Hell)
  59 freezing wraiths
  6 anaconda simulacra (Coc:7)
  A komodo dragon (shapeshifter) (Zig:9)
  74 demonic crawlers
  2 yaktaur skeletons
  6 dire elephant skeletons
  16 komodo dragons
  95 guardian mummies
  5 harpy zombies
  133 tormentors
  A catoblepas skeleton (Pan)
  42 hellwings
  14 ancient zymes
  47 yaktaurs
  2 grey draconian skeletons (Crypt:1)
  21 trolls
  95 merfolk
  12 tengu conjurers
  11 polar bears
  2 iron troll skeletons (Dis:3)
  100 red devils
  A queen bee (shapeshifter) (Zig:19)
  12 silent spectres
  3 jumping spiders (shapeshifter)
  A troll (shapeshifter) (Zig:24)
  A wolf spider simulacrum (IceCv)
  44 jumping spiders
  14 tyrant leeches
  69 hornets
  A polar bear (shapeshifter) (Vaults:1)
  2 meliai (shapeshifter)
  2 wind drakes (shapeshifter)
  A merfolk (shapeshifter) (Depths:4)
  29 blink frogs
  10 wind drakes
  2 spectral guardian serpents (Crypt:3)
  A two-headed ogre (shapeshifter) (Vaults:2)
  A blink frog (shapeshifter) (Vaults:2)
  27 bog bodies
  2 saltlings (Elf:2)
  2 raiju (shapeshifter)
  2 deep troll zombies (Hell)
  3 dream sheep
  25 elf zombies
  17 hydra zombies
  2 harpy skeletons
  2 frost giant simulacra
  31 raiju
  21 two-headed ogres
  A minotaur skeleton (Tar:7)
  26 snapping turtles
  12 hydra skeletons
  10 ice dragon zombies
  A slime creature (shapeshifter) (Zig:5)
  6 alligator zombies
  2 hippogriffs (shapeshifter)
  197 slime creatures
  A stone giant simulacrum (Crypt:1)
  21 hippogriffs
  7 ettin zombies
  A fire giant simulacrum (Vaults:2)
  7 fire dragon zombies
  221 flying skulls
  63 wraiths
  6 fire dragon skeletons
  22 air elementals
  4 alligator skeletons
  12 ice dragon skeletons
  71 shadows
  5 ettin skeletons
  71 ynoxinuls
  55 redbacks
  4 vampires (WizLab)
  A spriggan (shapeshifter) (Zig:18)
  44 tarantellas
  5 wyverns
  A fire bat (Zig:12)
  A dire elephant simulacrum (Abyss:4)
  58 chaos spawn
  A hog (shapeshifter) (Zig:24)
  45 yaks
  45 ushabtiu
  8 black mamba zombies
  6 hill giant zombies
  49 water elementals
  29 golden eyes
  53 fire elementals
  9 hungry ghosts
  A yaktaur simulacrum (Depths:1)
  2 black mamba skeletons
  3 basilisks
  Menkaure (D:4)
  143 large abominations
  45 neqoxecs
  23 wargs
  A warg (shapeshifter) (Vaults:2)
  A faun zombie (Crypt:3)
  A human simulacrum (Vaults:1)
  14 vampire mosquitoes
  6 mottled dragons
  62 nagas
  12 spatial vortices
  2 merfolk zombies
  6 swamp worms (Lair:3)
  13 insubstantial wisps
  2 soldier ants
  The ghost of vatarom the Conjurer, an amateur DEFE (D:4)
  5 hydra simulacra
  A gelid demonspawn zombie (Tar:6)
  11 spiny frog zombies
  An orb spider zombie (Crypt:3)
  2 floating eyes (shapeshifter) (Zig:19)
  12 porcupines
  28 water moccasins
  123 hell hounds
  107 orc warriors
  37 small abominations
  8 floating eyes
  9 swamp drakes
  14 black bears
  7 snapping turtle zombies
  5 swamp dragon zombies
  18 ice beasts
  3 sky beasts
  A faun skeleton (Crypt:3)
  2 alligator simulacra
  36 eyes of draining
  An eye of draining (shapeshifter) (Vaults:2)
  A manticore zombie (Dis:5)
  47 necrophages
  66 ogres
  A dream sheep skeleton (Crypt:2)
  4 spiny frog skeletons
  3 ettin simulacra (Depths:2)
  12 phantoms
  39 centaurs
  4 human skeletons
  23 wolves
  14 crocodiles
  3 snapping turtle skeletons
  2 swamp dragon skeletons
  3 manticore skeletons
  An elf simulacrum (Zig:15)
  An elephant skeleton (Crypt:1)
  An octopode zombie (Crypt:2)
  7 big kobolds
  14 bullfrogs
  A wyvern zombie (D:6)
  23 earth elementals
  A cyclops skeleton (Crypt:1)
  A hell hound skeleton (Crypt:1)
  A scorpion (D:11)
  16 killer bees
  7 troll zombies (WizLab)
  A swamp dragon simulacrum (Abyss:4)
  6 electric eels
  104 wights
  A howler monkey (D:12)
  2 troll skeletons
  8 crimson imps
  2 bullfrog zombies
  4 draconian simulacra (IceCv)
  2 quasits
  A jelly (D:13)
  Crazy Yiuf (D:4)
  22 hounds
  2 bullfrog skeletons
  22 orc priests
  5 iguanas
  74 iron imps
  A black bear skeleton (Crypt:2)
  6 hell rats
  49 orc wizards
  A lightning spire (Zig:22)
  10 worker ants
  4 troll simulacra (IceCv)
  A polar bear simulacrum (IceCv)
  Terence (D:2)
  A wolf simulacrum (IceCv)
  5 ogre zombies
  5 centaur simulacra (IceCv)
  A mottled dragon zombie (Crypt:2)
  A naga zombie (Geh:5)
  A naga skeleton (Pan)
  An ogre skeleton (Tar:1)
  4 tengu skeletons
  2 hound zombies
  2 hound skeletons
  2 howler monkey zombies
  131 mummies
  2 worker ant zombies
  Robin (D:4)
  A howler monkey skeleton (D:9)
  7 naga simulacra (IceCv)
  13 adders
  4 gnolls (D:11)
  A river rat (D:6)
  2 tengu simulacra
  31 shadow imps
  37 white imps
  An ufetubus (Abyss:4)
  3 oozes
  17 worms
  A ball lightning (Pan)
  5 leopard geckos
  123 orcs
  A bat (shapeshifter) (Depths:4)
  5 giant cockroaches
  11 goblins
  7 hobgoblins
  5 jackals
  31 kobolds
  2 quokkas
  4 ball pythons
  13 bats
  6 frilled lizards
  A jackal skeleton (D:6)
  2 kobold skeletons
  A kobold zombie (Tar:7)
  A leopard gecko skeleton (D:6)
  An orc skeleton (Geh:6)
  An orc zombie (Dis:1)
  7 rats
  A rat zombie (Crypt:2)
  30 blocks of ice
  8 briar patches (Zig:25)
  A bush (Zig:21)
  A butterfly (D:7)
  24 crawling corpses
  2 fire vortices
  12 fungi
  A lurking horror (Abyss:4)
  10 plants
  7 starspawn tentacles
  9 tentacles
11776 creatures vanquished.

Vanquished Creatures (collateral kills)
  5 caustic shrikes (Zig:26)
  An iron giant (Zig:4)
  2 tentacled monstrosities
  A hellephant (Zig:26)
  A deep elf blademaster (Zig:24)
  A deep elf master archer (Zig:24)
  A titan (Zig:11)
  An acid blob (Zig:20)
  3 sphinxes
  A shadow dragon (Zig:7)
  2 storm dragons
  A draconian monk (Zig:14)
  5 nagarajas
  A vault warden (Zig:8)
  A deep elf sorcerer (Zig:16)
  A balrug (Zig:12)
  A corrupter (Zig:15)
  A draconian scorcher (Zig:14)
  2 draconian annihilators (Zig:16)
  4 reapers
  A stone giant (Zig:19)
  A draconian caller (Zig:14)
  An ophan (Zig:15)
  A blood saint (Zig:27)
  2 lorocyprocas (Zig:27)
  2 deep elf annihilators
  A deep elf demonologist (Zig:15)
  2 yellow draconians (Zig:14)
  A white draconian (Zig:14)
  A spark wasp (Zig:12)
  An ettin (Zig:17)
  A merfolk javelineer (Zig:13)
  A starcursed mass (Zig:27)
  2 green deaths
  A mummy priest (Zig:10)
  An eidolon (Zig:13)
  4 yaktaur captains
  A deep elf high priest (Zig:24)
  3 great orbs of eyes
  2 spriggan air magi
  7 hydras
  3 alligators
  A catoblepas (Zig:25)
  A vampire mage (Zig:13)
  An ogre mage (Zig:17)
  2 dancing weapons (Zig:24)
  A death yak (Zig:26)
  A naga sharpshooter (Zig:7)
  A thrashing horror (Zig:15)
  3 shock serpents
  A soul eater (Zig:6)
  A shadow wraith (Zig:17)
  A fire crab (shapeshifter) (Zig:17)
  A spriggan druid (Zig:25)
  2 deep trolls
  A spectral iron dragon (Zig:7)
  A death drake (Zig:6)
  2 flayed ghosts
  4 swamp dragons
  A wizard (Zig:16)
  A shambling mangrove (Zig:14)
  A fire giant zombie (Zig:4)
  An orc knight (Zig:8)
  A harpy (shapeshifter) (Zig:17)
  An orc sorcerer (Zig:16)
  2 necromancers
  A faun (shapeshifter) (Zig:17)
  A tengu skeleton (Zig:10)
  A deep elf mage (Zig:18)
  6 orb spiders
  A moth of wrath (Zig:10)
  A frost giant skeleton (Zig:6)
  4 vault sentinels
  A guardian serpent (Zig:7)
  A smoke demon (Zig:15)
  A guardian serpent (shapeshifter) (Zig:17)
  2 fire giant skeletons
  3 black mambas (Zig:7)
  11 spiny frogs
  A naga mage (Zig:7)
  A rime drake (Zig:25)
  A demonic crawler (Zig:10)
  A komodo dragon (Zig:25)
  3 yaktaurs
  2 hellions
  An ice devil (Zig:4)
  A freezing wraith (Zig:8)
  2 jumping spiders (Zig:21)
  A red devil (Zig:4)
  A tyrant leech (shapeshifter) (Zig:17)
  4 blink frogs
  2 tyrant leeches
  4 bog bodies
  2 hornets
  6 raiju
  A dream sheep (shapeshifter) (Zig:9)
  2 small abominations (Zig:15)
  2 dream sheep
  3 air elementals (Zig:12)
  3 hippogriffs
  A redback (Zig:10)
  A spriggan (Zig:17)
  A shadow (Zig:17)
  A water elemental (Zig:23)
  2 large abominations (Zig:15)
  A yak (Zig:25)
  A ynoxinul (Zig:15)
  A golden eye (Zig:6)
  2 basilisks
  A golden eye (shapeshifter) (Zig:17)
  A chaos spawn (Zig:15)
  2 vampire mosquitoes
  A naga (shapeshifter) (Zig:17)
  A neqoxec (Zig:15)
  6 insubstantial wisps
  2 tengu zombies
  A swamp worm (shapeshifter) (Zig:17)
  7 water moccasins
  6 swamp drakes
  7 crocodiles
  8 mummies (Zig:10)
  4 crawling corpses (Zig:24)
245 creatures vanquished.

Vanquished Creatures (others)
  2 pandemonium lords
  A Killer Klown (Zig:18)
  An iron giant (Zig:27)
  A deep elf master archer (Elf:3)
  An ancient champion (Zig:13)
  A storm dragon (Zot:4)
  An eldritch tentacle (Coc:4)
  A nagaraja (Snake:4)
  A frost giant (Zig:27)
  2 fire giants (Zig:23)
  A cacodemon (Zig:11)
  A draconian zealot (Zig:22)
  A stone giant (Zig:21)
  2 very ugly things (Zig:18)
  A blood saint (Pan)
  A deep elf demonologist (Zig:24)
  A purple draconian (Zig:14)
  An ettin (Zig:27)
  3 green deaths
  A blizzard demon (Zig:27)
  An ice dragon (Coc:7)
  A deep elf death mage (Zig:25)
  A yaktaur captain (Zig:17)
  2 hydras (Zig:17)
  A centaur warrior (Vaults:3)
  2 merfolk aquamancers
  A satyr (Shoals:3)
  A hell hog (Geh:7)
  An orc high priest (Zig:24)
  3 death scarabs (Tomb:3)
  A naga sharpshooter (Snake:4)
  A soul eater (Zig:10)
  A skeletal warrior (Coc:7)
  A sun demon (Pan)
  A golden dragon zombie (Tomb:2)
  A flayed ghost (Zig:13)
  5 deep elf archers
  A shambling mangrove (Zig:17)
  A swamp dragon (Zig:17)
  4 deep elf magi
  A harpy (Vaults:1)
  2 cyclopes
  A moth of wrath (Zot:5)
  A faun (Zig:23)
  An elephant (shapeshifter) (Zig:19)
  A siren (Zig:18)
  A black mamba (Snake:4)
  A water nymph (Zig:23)
  4 apocalypse crabs
  2 yaktaurs
  A freezing wraith (Zig:22)
  A komodo dragon (shapeshifter) (Zig:19)
  A rime drake (shapeshifter) (Zig:18)
  A komodo dragon (Zig:25)
  A hydra zombie (Tomb:2)
  An ancient zyme (Zig:27)
  A blink frog (Lair:3)
  2 merfolk (Zig:13)
  A tyrant leech (shapeshifter) (Zig:18)
  2 hornets (Zig:17)
  A large abomination (Zig:15)
  A snapping turtle (Shoals:4)
  A slime creature (Slime:2)
  An air elemental (Zig:24)
  6 flying skulls
  A wraith (Zig:22)
  A tarantella (shapeshifter) (Zig:19)
  A water elemental (Zig:23)
  A ynoxinul (Pan)
  An ushabti (Tomb:2)
  A chaos spawn (Zig:19)
  A hungry ghost (D:15)
  2 insubstantial wisps (Zig:17)
  A small abomination (Abyss:4)
  A naga (Zig:7)
  A hell hound (Dis:2)
  An orc warrior (Zig:2)
  A necrophage (Zig:22)
  An ogre (Vaults:5)
  2 wolves
  4 centaurs
  A spiny frog simulacrum (Abyss:4)
  A wight (Geh:4)
  3 iron imps
  A mummy (Tomb:2)
  2 ball lightnings (Pan)
  86 blocks of ice
  13 briar patches
  2 bushes (Zig:21)
  2 crawling corpses
  194 fire vortices
  15 fungi
  17 plants
  22 starspawn tentacles
  23 tentacles
496 creatures vanquished.

Grand Total: 12517 creatures vanquished

Notes
Turn   | Place    | Note
-------+----------+-------------------------------------------
     0 | D:1      | winWinterter the Formicid Fighter began the quest for the Orb.
     0 | D:1      | Reached XP level 1. HP: 18/18 MP: 1/1
   189 | D:1      | Reached XP level 2. HP: 24/24 MP: 0/2
   967 | D:2      | Reached XP level 3. HP: 29/29 MP: 3/3
  1263 | D:2      | Noticed Terence
  1272 | D:2      | Killed Terence
  1272 | D:2      | Reached XP level 4. HP: 30/37 MP: 4/4
  2078 | D:3      | Reached XP level 5. HP: 38/42 MP: 3/5
  2377 | D:4      | Noticed Robin
  2397 | D:4      | Reached skill level 1 in Dodging
  2413 | D:4      | Reached XP level 6. HP: 35/49 MP: 6/6
  2489 | D:4      | Noticed vatarom's ghost (amateur DEFE)
  2494 | D:4      | Killed vatarom's ghost
  2498 | D:4      | Killed Robin
  2522 | D:4      | Reached skill level 5 in Shields
  2673 | D:4      | Noticed an ogre
  2678 | D:4      | Noticed Menkaure
  2683 | D:4      | Killed an ogre
  2683 | D:4      | Reached skill level 5 in Fighting
  2683 | D:4      | Reached XP level 7. HP: 8/56 MP: 2/7
  3369 | D:4      | Killed Menkaure
  3369 | D:4      | Reached skill level 5 in Axes
  3458 | D:4      | Found a runed door.
  3473 | D:4      | Noticed Crazy Yiuf
  3481 | D:4      | Killed Crazy Yiuf
  3674 | D:5      | Entered Level 5 of the Dungeon
  3708 | D:5      | Noticed lanroth's ghost (novice HuGl)
  3757 | D:5      | Killed lanroth's ghost
  3757 | D:5      | Reached XP level 8. HP: 42/64 MP: 8/8
  3808 | D:5      | Found Leuloah's Antique Armour Boutique.
  3829 | D:5      | Found Maf Jush's Distillery.
  3861 | D:5      | Reached skill level 5 in Armour
  3909 | D:5      | Found Yphes's Weapon Shoppe.
  4022 | D:5      | Gained mutation: You are dopey. (Int -2) [mutagenic meat]
  4313 | D:6      | Found a glowing drain.
  4322 | Sewer    | Entered a sewer
  4465 | Sewer    | Reached XP level 9. HP: 70/70 MP: 9/9
  4720 | D:6      | Noticed Quirk's ghost (novice DsFi)
  4776 | D:6      | Killed Quirk's ghost
  4776 | D:6      | Reached skill level 1 in Stealth
  5230 | D:6      | Got a pair of scorched boots
  5236 | D:6      | Identified the cursed +0 pair of boots of Kybeng {rElec rN+ Int-4} (You found it on level 6 of the Dungeon)
  5426 | D:6      | Identified a scroll of acquirement
  5439 | D:6      | Identified a +1 pair of boots of running (You acquired it on level 6 of the Dungeon)
  5608 | D:7      | Noticed a hippogriff
  5617 | D:7      | Killed a hippogriff
  5920 | D:7      | Found a staircase to the Ecumenical Temple.
  5944 | Temple   | Entered the Ecumenical Temple
  6088 | Temple   | Became a worshipper of Warmaster Okawaru
  6185 | D:7      | Reached XP level 10. HP: 73/79 MP: 10/10
  6878 | D:8      | Reached * piety under Okawaru
  7060 | D:8      | Found a staircase to the Lair.
  7709 | D:9      | Reached ** piety under Okawaru
  8028 | Lair:1   | Entered Level 1 of the Lair of Beasts
  8062 | Lair:1   | Noticed a komodo dragon
  8075 | Lair:1   | Killed a komodo dragon
  8100 | Lair:1   | Noticed a komodo dragon
  8108 | Lair:1   | Killed a komodo dragon
  8108 | Lair:1   | Reached *** piety under Okawaru
  8108 | Lair:1   | Reached XP level 11. HP: 79/87 MP: 11/11
  8144 | Lair:1   | Reached skill level 10 in Axes
  8170 | Lair:1   | Noticed Harold
  8180 | Lair:1   | You fall through a shaft!
  8202 | Lair:2   | Reached skill level 1 in Invocations
  8282 | Lair:2   | Reached **** piety under Okawaru
  8458 | Lair:2   | Noticed a manticore
  8466 | Lair:2   | Killed a manticore
  8546 | Lair:2   | Found a staircase to the Shoals.
  8923 | Lair:2   | Reached ***** piety under Okawaru
  9435 | Lair:1   | Received a gift from Okawaru
  9435 | Lair:1   | Reached skill level 10 in Shields
  9453 | Lair:1   | Reached skill level 10 in Fighting
  9453 | Lair:1   | Reached XP level 12. HP: 85/97 MP: 15/15
 10524 | Lair:3   | Reached skill level 5 in Invocations
 11073 | Lair:3   | Received a gift from Okawaru
 11077 | Lair:3   | Got a crude cloak {god gift}
 11088 | Lair:3   | Identified the +0 cloak "Hafatili" {Dex+3} (Okawaru gifted it to you on level 3 of the Lair of Beasts)
 12099 | Lair:4   | Found a staircase to the Snake Pit.
 12140 | Lair:4   | Reached skill level 1 in Polearms
 13030 | Lair:5   | Found a frozen archway.
 13078 | IceCv    | Entered an ice cave
 13483 | IceCv    | Reached XP level 13. HP: 42/106 MP: 15/18
 13905 | IceCv    | Found an ancient bone altar of Kikubaaqudgha.
 13963 | IceCv    | Reached skill level 1 in Throwing
 14662 | Lair:6   | Entered Level 6 of the Lair of Beasts
 14929 | Lair:6   | Found a labyrinth entrance.
 14940 | Lab      | Entered a labyrinth
 15121 | Lab      | Got an emerald-studded scale mail
 15132 | Lab      | Identified the +1 scale mail of Yredelemnul's Pride {MR+} (You found it in a labyrinth)
 15141 | Lab      | Found an exit through the horrors of the Abyss.
 15201 | Lab      | Found an exit through the horrors of the Abyss.
 15355 | Lab      | Noticed a minotaur
 15368 | Lab      | Killed a minotaur
 15501 | Lair:6   | Learned a level 2 spell: Song of Slaying
 15558 | Lair:6   | Noticed a four-headed hydra
 15933 | Lair:6   | Killed a four-headed hydra
 15933 | Lair:6   | Received a gift from Okawaru
 15934 | Lair:6   | Got a scorched halberd {god gift}
 15935 | Lair:6   | Identified the +8 halberd "Keillil" {freeze, Int+3} (Okawaru gifted it to you on level 6 of the Lair of Beasts)
 16392 | Lair:6   | Reached XP level 14. HP: 88/115 MP: 20/20
 16645 | Lair:6   | Reached ****** piety under Okawaru
 16834 | Lair:6   | Received a gift from Okawaru
 16834 | Lair:6   | Reached skill level 5 in Polearms
 17774 | D:10     | Entered Level 10 of the Dungeon
 17989 | Lair:1   | Killed Harold
 18471 | D:10     | Found Pyseug's Armour Emporium.
 18848 | D:10     | Found a staircase to the Orcish Mines.
 19660 | D:12     | Found Vomm's Antique Armour Boutique.
 19878 | D:12     | Received a gift from Okawaru
 20642 | D:12     | Learned a level 3 spell: Regeneration
 20645 | D:12     | Learned a level 2 spell: Repel Missiles
 20741 | Orc:1    | Entered Level 1 of the Orcish Mines
 20835 | Orc:1    | Found Kaprosch's Magic Scroll Emporium.
 21082 | Orc:2    | Entered Level 2 of the Orcish Mines
 21082 | Orc:2    | Noticed Donald
 21106 | Orc:2    | Killed Donald
 21321 | Orc:2    | Reached XP level 15. HP: 124/124 MP: 21/21
 21645 | Orc:1    | Noticed a stone giant
 21665 | Orc:1    | Killed a stone giant
 22362 | Orc:1    | Reached skill level 5 in Dodging
 22988 | Orc:2    | Found a staircase to the Elven Halls.
 23254 | Orc:2    | Received a gift from Okawaru
 23255 | Orc:2    | Got a brightly glowing broad axe {god gift}
 23261 | Orc:2    | Identified the +11 broad axe "Impslayer" {chop, rElec Int+4 Dex+3 Stlth+} (Okawaru gifted it to you on level 2 of the Orcish Mines)
 23280 | Orc:2    | Found Jios's Distillery.
 23293 | Orc:2    | Found Fisir's Gadget Emporium.
 23332 | Orc:2    | Bought 2 potions of heal wounds for 150 gold pieces
 23345 | Orc:2    | Found a radiant altar of Vehumet.
 23346 | Orc:2    | Noticed Erolcha
 23487 | Orc:2    | Found an ancient bone altar of Kikubaaqudgha.
 23487 | Orc:2    | Noticed Nergalle
 23500 | Orc:2    | Killed Nergalle
 23526 | Orc:2    | Found Weocwi's Magic Scroll Shoppe.
 23656 | Orc:2    | Found Angoumas's Antique Armour Shoppe.
 23657 | Orc:2    | Found a roughly hewn altar of Beogh.
 23668 | Orc:2    | Killed Erolcha
 23758 | Orc:2    | Bought a pair of runed gloves for 315 gold pieces
 23821 | Orc:2    | Bought a warped scale mail for 270 gold pieces
 23831 | Orc:2    | Identified the +1 scale mail of Disappointment {-Cast rPois SInv} (You bought it in a shop on level 2 of the Orcish Mines)
 24074 | D:13     | Found a sparkling altar of Nemelex Xobeh.
 24249 | D:13     | Noticed Kosschaser's ghost (journeyman VSAs)
 24419 | D:13     | Noticed Frances
 24445 | D:12     | Killed Frances
 24445 | D:12     | Reached skill level 15 in Axes
 24822 | D:13     | Killed Kosschaser's ghost
 24822 | D:13     | Received a gift from Okawaru
 24909 | D:14     | Reached XP level 16. HP: 134/134 MP: 20/22
 24913 | D:14     | Noticed Rupert
 24932 | D:14     | Killed Rupert
 24959 | D:14     | Found a basalt altar of Yredelemnul.
 25095 | D:14     | Reached skill level 15 in Fighting
 25139 | D:14     | Found a gate to the Vaults.
 25228 | D:14     | Reached skill level 10 in Armour
 25464 | D:14     | Found a glowing golden altar of the Shining One.
 25916 | Shoals:1 | Entered Level 1 of the Shoals
 25957 | Shoals:1 | Received a gift from Okawaru
 26072 | Shoals:1 | Reached skill level 1 in Charms
 26454 | D:10     | Noticed North's ghost (journeyman GrEE)
 26474 | D:10     | Killed North's ghost
 26474 | D:10     | Received a gift from Okawaru
 26474 | D:10     | Reached skill level 1 in Spellcasting
 27288 | Shoals:2 | Identified the Reference Book on the Boosting Snowflakes
 28241 | Shoals:3 | Found Uwem's Assorted Antiques.
 28778 | Shoals:3 | Bought a smoking battleaxe for 333 gold pieces
 28778 | Shoals:3 | Identified the +1 battleaxe of Obsession {flame, rN+ Int+4 SInv} (You bought it in a shop on level 3 of the Shoals)
 28865 | Shoals:3 | Noticed a kraken
 28875 | Shoals:3 | Killed a kraken
 28875 | Shoals:3 | Reached XP level 17. HP: 59/144 MP: 20/23
 29498 | Shoals:4 | Entered Level 4 of the Shoals
 29498 | Shoals:4 | Noticed Bai Suzhen
 29501 | Shoals:3 | Gained mutation: You have very sharp teeth. [potion of mutation]
 29501 | Shoals:3 | Gained mutation: You passively map a small area around you. [potion of mutation]
 29501 | Shoals:3 | Gained mutation: Your spells are a little easier to cast, but a little less powerful. [potion of mutation]
 29516 | Shoals:4 | Killed Bai Suzhen
 29536 | Shoals:4 | Noticed Ilsuiw
 29560 | Shoals:4 | Killed Ilsuiw
 29664 | Shoals:4 | Received a gift from Okawaru
 29665 | Shoals:4 | Got a shimmering cloak {god gift}
 29676 | Shoals:4 | Identified the +0 cloak "Openo" {*Drain Str+6} (Okawaru gifted it to you on level 4 of the Shoals)
 29765 | Shoals:4 | Noticed a kraken
 29780 | Shoals:4 | Killed a kraken
 30009 | Shoals:4 | Reached skill level 15 in Shields
 30109 | Shoals:4 | Noticed Nikola
 30109 | Shoals:4 | Noticed a kraken
 30141 | Shoals:4 | Killed a kraken
 30295 | Shoals:4 | Killed Nikola
 30309 | Shoals:4 | Reached XP level 18. HP: 77/153 MP: 18/25
 30444 | Shoals:4 | Received a gift from Okawaru
 30449 | Shoals:4 | Got a warped ring mail {god gift}
 30526 | Shoals:4 | Reached skill level 5 in Charms
 30545 | Shoals:4 | Got a barnacled rune of Zot
 31030 | Shoals:4 | Reached skill level 5 in Spellcasting
 31041 | Shoals:4 | Identified the +1 ring mail "Gosis" {rN++} (Okawaru gifted it to you on level 4 of the Shoals)
 31298 | Lair:2   | Lost mutation: You passively map a small area around you. [potion of cure mutation]
 31298 | Lair:2   | Lost mutation: Your spells are a little easier to cast, but a little less powerful. [potion of cure mutation]
 31298 | Lair:2   | Lost mutation: You are dopey. (Int -2) [potion of cure mutation]
 31387 | Snake:1  | Entered Level 1 of the Snake Pit
 31788 | Snake:1  | Got a pair of fine boots
 31799 | Snake:1  | Identified the +1 pair of boots "Bempoh" {Stlth+} (You acquired it on level 1 of the Snake Pit)
 32195 | Snake:1  | Noticed Agnes
 32204 | Snake:1  | Killed Agnes
 33028 | Snake:2  | Received a gift from Okawaru
 33642 | Snake:2  | Received a gift from Okawaru
 33917 | Snake:3  | Noticed Vashnia
 34118 | Snake:3  | Killed Vashnia
 34118 | Snake:3  | Reached XP level 19. HP: 86/161 MP: 21/27
 34676 | Snake:4  | Entered Level 4 of the Snake Pit
 34928 | Snake:4  | Received a gift from Okawaru
 35173 | Snake:4  | Received a gift from Okawaru
 35345 | Snake:4  | Got a garnet-encrusted plate armour {god gift}
 35347 | Snake:4  | Identified the +9 plate armour "Nallaol" {Regen+ Int+3} (Okawaru gifted it to you on level 4 of the Snake Pit)
 35717 | D:15     | Entered Level 15 of the Dungeon
 36019 | D:15     | Found a snail-covered altar of Cheibriados.
 36198 | D:15     | Found Qulerch's Antique Weapon Shop.
 36226 | D:15     | Found a staircase to the Depths.
 36372 | Depths:1 | Entered Level 1 of the Depths
 36424 | Depths:1 | Reached skill level 1 in Air Magic
 36441 | Depths:1 | Reached XP level 20. HP: 123/172 MP: 28/28
 36560 | Depths:1 | Noticed a lich
 36572 | Depths:1 | Killed a lich
 36572 | Depths:1 | Received a gift from Okawaru
 36749 | Depths:1 | Received a gift from Okawaru
 36975 | Depths:1 | Found a gateway to Hell.
 37550 | Depths:1 | Found a one-way gate to the infinite horrors of the Abyss.
 38759 | Snake:4  | Noticed Mara
 38775 | Snake:4  | Noticed winWinterter's illusion
 39052 | Snake:4  | Killed Mara
 39052 | Snake:4  | Reached XP level 21. HP: 181/181 MP: 22/29
 39098 | Snake:4  | Received a gift from Okawaru
 39109 | Snake:4  | Got a serpentine rune of Zot
 39579 | Vaults:1 | Entered Level 1 of the Vaults
 40357 | Vaults:1 | Noticed Saint Roka
 40376 | Vaults:1 | Killed Saint Roka
 40948 | Vaults:1 | Received a gift from Okawaru
 40949 | Vaults:1 | Got a jewelled demon trident {god gift}
 40973 | Vaults:1 | Identified the +10 demon trident of Destiny {vamp, +Rage} (Okawaru gifted it to you on level 1 of the Vaults)
 41047 | Vaults:2 | Gained mutation: You have sharp toenails. [mutagenic meat]
 41048 | Vaults:2 | Gained mutation: Your body sometimes deteriorates upon taking damage. [mutagenic meat]
 41048 | Vaults:2 | Lost mutation: Your body sometimes deteriorates upon taking damage. [potion of cure mutation]
 41048 | Vaults:2 | Lost mutation: You have very sharp teeth. [potion of cure mutation]
 41048 | Vaults:2 | Lost mutation: You have sharp toenails. [potion of cure mutation]
 41050 | Vaults:2 | Gained mutation: You are agile. (Dex +2) [mutagenic meat]
 41051 | Vaults:2 | Gained mutation: You are resistant to electric shocks. (rElec) [mutagenic meat]
 41146 | Vaults:2 | Got a smoking long sword
 41147 | Vaults:2 | Identified the +1 long sword of the Curious Wonders {elec, rPois MP+9} (You found it on level 2 of the Vaults)
 41161 | Vaults:2 | Reached skill level 5 in Throwing
 41199 | Vaults:2 | Reached XP level 22. HP: 190/190 MP: 30/30
 41451 | Vaults:2 | Found Vehuipn's Antique Armour Boutique.
 41649 | Vaults:2 | Found a staircase to the Crypt.
 41915 | Vaults:2 | Received a gift from Okawaru
 42327 | Crypt:1  | Entered Level 1 of the Crypt
 42856 | Vaults:3 | Received a gift from Okawaru
 42924 | Vaults:3 | Received a gift from Okawaru
 42925 | Vaults:3 | Got a polished war axe {god gift}
 42926 | Vaults:3 | Identified the +1 war axe of the Imperium {venom, -Tele Str+5 Int+5} (Okawaru gifted it to you on level 3 of the Vaults)
 43650 | Vaults:4 | Identified Waycvum's Reference Book on Transmutation and Calling
 43884 | Vaults:4 | Reached XP level 23. HP: 172/200 MP: 31/31
 43920 | Vaults:4 | Learned a level 5 spell: Aura of Abjuration
 44096 | Vaults:4 | Received a gift from Okawaru
 44101 | Vaults:4 | Got an ichor-stained robe {god gift}
 44104 | Vaults:4 | Identified the +2 robe of Pride {Str+6} (Okawaru gifted it to you on level 4 of the Vaults)
 44112 | Vaults:4 | Got a pair of transparent gloves
 44123 | Vaults:4 | Identified the +1 pair of gloves of Instinct {Dex+5} (You acquired it on level 4 of the Vaults)
 45760 | Orc:1    | Bought a scroll of enchant armour for 105 gold pieces
 45760 | Orc:1    | Bought a scroll of enchant armour for 105 gold pieces
 45918 | Vaults:2 | Bought a steaming plate armour for 1064 gold pieces
 45937 | Vaults:2 | Identified the +6 plate armour of Kidit {Int+3 Dex+3 SInv} (You bought it in a shop on level 2 of the Vaults)
 46205 | Elf:1    | Entered Level 1 of the Elven Halls
 46292 | Elf:1    | Reached skill level 1 in Necromancy
 46831 | Elf:1    | Noticed Roxanne
 46868 | Elf:1    | Killed Roxanne
 46869 | Elf:1    | Identified Roxanne's Disquisition on Transmutation (You took it off Roxanne on level 1 of the Elven Halls)
 46879 | Elf:1    | Learned a level 6 spell: Statue Form
 47007 | Elf:2    | Reached skill level 1 in Earth Magic
 47049 | Elf:2    | Found a magical portal.
 47069 | WizLab   | Entered Zonguldrok's Shrine
 47301 | WizLab   | Reached skill level 1 in Transmutations
 47383 | WizLab   | Noticed an antique lich
 47395 | WizLab   | Killed an antique lich
 47451 | WizLab   | Got a warped large shield
 47462 | WizLab   | Identified the +7 large shield "Axkuadwo" {Regen+} (You acquired it in a wizard's laboratory)
 47708 | Elf:2    | Found a runed gate.
 47708 | Elf:2    | Found a runed gate.
 47708 | Elf:2    | Found a runed gate.
 47844 | Elf:2    | Received a gift from Okawaru
 47876 | Elf:2    | Reached XP level 24. HP: 165/209 MP: 30/31
 48116 | Elf:2    | Received a gift from Okawaru
 48343 | Elf:2    | Learned a level 2 spell: Passwall
 48683 | Elf:2    | Received a gift from Okawaru
 48845 | Elf:3    | Entered Level 3 of the Elven Halls
 48873 | Elf:3    | Noticed Stiffzip's ghost (adept MiBe)
 48900 | Elf:3    | Killed Stiffzip's ghost
 48954 | Elf:3    | Reached skill level 5 in Earth Magic
 49227 | Elf:3    | Noticed Stiffzip's ghost (adept MiBe)
 49255 | Elf:3    | Killed Stiffzip's ghost
 49688 | Elf:3    | Identified the Catalogue of Sinister Bewitchment
 49823 | Elf:3    | Received a gift from Okawaru
 50130 | Elf:3    | Got a dazzling ring mail
 50131 | Elf:3    | Identified the +1 ring mail of Altruism {*Slow +Fly Stlth+} (You found it on level 3 of the Elven Halls)
 50191 | Elf:3    | Cast into level 2 of the Abyss (a deep elf demonologist)
 50619 | Abyss:4  | Reached skill level 5 in Transmutations
 50666 | Abyss:4  | Reached XP level 25. HP: 179/216 MP: 33/33
 50983 | Abyss:4  | Got an abyssal rune of Zot
 51030 | Abyss:4  | Received a gift from Okawaru
 51218 | Elf:3    | Escaped the Abyss
 51289 | Elf:3    | Got a bound turquoise ring
 51290 | Elf:3    | Identified the ring of Ytzed {Int+3 Slay+3} (You acquired it on level 3 of the Elven Halls)
 51402 | Elf:3    | Identified the Compendium of the Insatiable Wonders
 51407 | Elf:3    | Identified Sif Muna's Catalogue of Noxious Creation
 51419 | Elf:3    | Learned a level 1 spell: Summon Butterflies
 51453 | Elf:3    | Got a twisted plate armour
 51457 | Elf:3    | Identified the +3 plate armour of the Beginning {rC+ SInv Stlth+} (You found it on level 3 of the Elven Halls)
 51879 | Temple   | Fell from the grace of Okawaru
 51879 | Temple   | Became a worshipper of Uskayaw the Reveler
 52248 | Vaults:3 | Reached * piety under Uskayaw
 52257 | Vaults:3 | Reached ** piety under Uskayaw
 52265 | Vaults:3 | Reached *** piety under Uskayaw
 52429 | Vaults:5 | Entered Level 5 of the Vaults
 52434 | Vaults:5 | Reached **** piety under Uskayaw
 52436 | Vaults:5 | Reached ***** piety under Uskayaw
 52440 | Vaults:5 | Reached ****** piety under Uskayaw
 52543 | Vaults:5 | Noticed an ancient lich
 52554 | Vaults:5 | Killed an ancient lich
 52554 | Vaults:5 | Reached XP level 26. HP: 122/226 MP: 34/34
 52590 | Vaults:5 | Noticed an ancient lich
 52608 | Vaults:5 | Killed an ancient lich
 53050 | Vaults:5 | Reached skill level 10 in Invocations
 53052 | Vaults:5 | Noticed an ancient lich
 53109 | Vaults:5 | Killed an ancient lich
 53172 | Vaults:5 | Got a steaming lead amulet
 53427 | Vaults:5 | Got a silver rune of Zot
 53988 | Vaults:5 | Identified the amulet "Deiryty" {Harm *Drain rF++ Int+6 Dex+4} (You took it off a frost giant on level 5 of the Vaults)
 54061 | Vaults:5 | Got a polished scale mail
 54063 | Vaults:5 | Identified the +4 scale mail of Fitoix {rF- rN+ Stlth+} (You took it off a vault warden on level 5 of the Vaults)
 54535 | Orc:2    | Bought a scroll of enchant weapon for 97 gold pieces
 54701 | D:12     | Was forgiven by Okawaru
 55770 | Crypt:1  | Upgraded the game from 0.19.4-8-ga85b6b9 to 0.19.4-9-g45fd643
 55920 | Crypt:1  | Noticed a greater mummy
 55924 | Crypt:1  | Killed a greater mummy
 55924 | Crypt:1  | Reached skill level 10 in Earth Magic
 56100 | Crypt:1  | Noticed Boris
 56106 | Crypt:1  | Killed Boris
 56106 | Crypt:1  | Reached XP level 27. HP: 217/232 MP: 34/34
 57198 | Crypt:2  | Noticed a greater mummy
 57198 | Crypt:2  | Noticed a greater mummy
 57346 | Crypt:2  | Noticed a greater mummy
 57352 | Crypt:2  | Killed a greater mummy
 57354 | Crypt:2  | Killed a greater mummy
 57354 | Crypt:2  | Killed a greater mummy
 57358 | Crypt:2  | Noticed Khufu
 57367 | Crypt:2  | Killed Khufu
 57663 | Crypt:3  | Entered Level 3 of the Crypt
 57930 | Crypt:3  | Noticed an ancient lich
 57935 | Crypt:3  | Noticed an ancient lich
 58084 | Crypt:3  | Reached skill level 10 in Transmutations
 58331 | Crypt:3  | Found a staircase to the Tomb.
 58524 | Crypt:3  | Reached skill level 10 in Dodging
 59128 | Crypt:3  | Killed an ancient lich
 59151 | Crypt:3  | Killed an ancient lich
 59177 | Crypt:3  | Got a twitching brass ring
 59180 | Crypt:3  | Gained mutation: Your system is resistant to poisons. (rPois) [potion of beneficial mutation]
 59184 | Crypt:3  | Got a shimmering granite ring
 59188 | Crypt:3  | Identified the Disquisition on Slavery and Curses
 59193 | Crypt:3  | Learned a level 1 spell: Apportation
 59203 | Crypt:3  | Got a flickering tin ring
 59203 | Crypt:3  | Got a slimy wooden ring
 59203 | Crypt:3  | Got an ancient tin ring
 59204 | Crypt:3  | Identified the ring "Ecucouso" {rElec rN+} (You found it on level 3 of the Crypt)
 59205 | Crypt:3  | Identified the ring of Tedd {rElec rC+ rN+} (You found it on level 3 of the Crypt)
 59206 | Crypt:3  | Identified the ring "Suzesom" {rN+ MR+ Str+6 Dex+5} (You found it on level 3 of the Crypt)
 59207 | Crypt:3  | Identified the ring of Zin's Reproof {rN+ MP+9 Str-5 Dex+3 Stlth+} (You found it on level 3 of the Crypt)
 59208 | Crypt:3  | Identified the ring "Joarud" {rElec Str+5} (You found it on level 3 of the Crypt)
 59220 | Crypt:3  | Identified the Catalogue of Necromancy
 59592 | Depths:2 | Found a shadowy altar of Dithmenos.
 59732 | Depths:2 | Noticed a juggernaut
 59742 | Depths:2 | Killed a juggernaut
 60156 | Depths:2 | Found a sparkling altar of Nemelex Xobeh.
 60208 | Depths:2 | Found a burning altar of Makhleb.
 60294 | Depths:2 | Found a blossoming altar of Fedhas.
 61141 | Depths:3 | Found a runed gate.
 61141 | Depths:3 | Found a runed gate.
 61141 | Depths:3 | Found a runed gate.
 61203 | Depths:3 | Found a one-way gate leading to the halls of Pandemonium.
 61245 | Depths:3 | Found a runed gate.
 61245 | Depths:3 | Found a runed gate.
 61245 | Depths:3 | Found a runed gate.
 61808 | Depths:3 | Got a dazzling scale mail
 61812 | Depths:3 | Identified the cursed +1 scale mail "Jutuxzick" {+Fly} (You found it on level 3 of the Depths)
 62214 | Depths:4 | Found Muleed's Weapon Boutique.
 62216 | Depths:4 | Found Guergheol's Gadget Shoppe.
 62245 | Depths:4 | Found Mob Enaynt's Book Boutique.
 62372 | Depths:4 | Found Inkohunke's Gadget Shop.
 62859 | Depths:5 | Entered Level 5 of the Depths
 63106 | Depths:5 | Found a gate to the Realm of Zot.
 63256 | Depths:5 | Found a gateway to a ziggurat.
 63764 | Zot:1    | Entered Level 1 of the Realm of Zot
 65043 | Zot:3    | Reached skill level 15 in Invocations
 65753 | Zot:4    | Identified the Reference Book on the Mutagenic Mountains
 65842 | Zot:4    | Got a steaming granite ring
 66192 | Zot:4    | Identified the ring of Qopaywn {*Corrode rC+++ Str+3 Dex+3} (You took it off a red draconian on level 4 of the Realm of Zot)
 66246 | Zot:4    | Got a pair of ichor-stained gloves
 66247 | Zot:4    | Identified the +2 pair of gloves of Jienneaw {*Contam rPois rC+++ MP+9} (You found it on level 4 of the Realm of Zot)
 66260 | Zot:5    | Entered Level 5 of the Realm of Zot
 66529 | Zot:5    | Noticed an orb of fire
 66529 | Zot:5    | Gained mutation: You are somewhat resistant to further mutation. [an orb of fire]
 66545 | Zot:5    | Killed an orb of fire
 66879 | Zot:5    | Noticed an ancient lich
 66884 | Zot:5    | Killed an ancient lich
 66996 | Zot:5    | Noticed an orb of fire
 67011 | Zot:5    | Killed an orb of fire
 67021 | Zot:5    | Noticed an ancient lich
 67023 | Zot:5    | Noticed an orb of fire
 67030 | Zot:5    | Gained mutation: You are dopey. (Int -2) [an orb of fire]
 67031 | Zot:5    | Killed an orb of fire
 67031 | Zot:5    | Killed an ancient lich
 67078 | Zot:5    | Noticed an ancient lich
 67078 | Zot:5    | Noticed an orb of fire
 67084 | Zot:5    | Killed an orb of fire
 67086 | Zot:5    | Killed an ancient lich
 67087 | Zot:5    | Noticed an orb of fire
 67092 | Zot:5    | Gained mutation: Armour fits poorly on your strangely shaped body. [an orb of fire]
 67103 | Zot:5    | Killed an orb of fire
 67430 | Zot:5    | Reached skill level 15 in Transmutations
 67718 | Hell     | Entered the Vestibule of Hell
 67720 | Hell     | Noticed Geryon
 68172 | Lair:5   | Found a staircase to the Slime Pits.
 68207 | Slime:1  | Entered Level 1 of the Pits of Slime
 68990 | Slime:3  | Gained mutation: Your magical capacity is low. (-10% MP) [a shining eye]
 69517 | Slime:4  | Reached skill level 15 in Armour
 69679 | Slime:5  | Entered Level 5 of the Pits of Slime
 69712 | Slime:5  | Gained mutation: You are very dopey. (Int -4) [a shining eye]
 69719 | Slime:5  | Lost mutation: You are very dopey. (Int -4) [a shining eye]
 69720 | Slime:5  | Gained mutation: You are weak. (Str -2) [a shining eye]
 69790 | Slime:5  | Found a viscous altar of Jiyva.
 69801 | Slime:5  | Reached skill level 27 in Fighting
 69846 | Slime:5  | Noticed the Royal Jelly
 69888 | Slime:5  | Killed the Royal Jelly
 69909 | Slime:5  | Got a slimy bone amulet
 69911 | Slime:5  | Got a slimy rune of Zot
 69912 | Slime:5  | Identified the amulet "Xischale" {Faith Int+6} (You found it on level 5 of the Pits of Slime)
 69913 | Slime:5  | Identified the Papyrus of Twisted Malediction
 70052 | Slime:5  | Got a faintly glowing scimitar
 70053 | Slime:5  | Identified the +7 scimitar "Orb Guardian's Curse" {elec, rF+} (You found it on level 5 of the Pits of Slime)
 70868 | Hell     | Killed Geryon
 70956 | Hell     | Found a gateway to the freezing wastes of Cocytus.
 71019 | Hell     | Found a gateway to the decaying netherworld of Tartarus.
 71172 | Hell     | Found a gateway to the ashen valley of Gehenna.
 71329 | Hell     | Found a gateway to the Iron City of Dis.
 71429 | Hell     | Lost mutation: You are weak. (Str -2) [potion of cure mutation]
 71429 | Hell     | Lost mutation: You are agile. (Dex +2) [potion of cure mutation]
 71429 | Hell     | Lost mutation: Your system is resistant to poisons. (rPois) [potion of cure mutation]
 71429 | Hell     | Lost mutation: You are dopey. (Int -2) [potion of cure mutation]
 71430 | Hell     | Lost mutation: Your magical capacity is low. (-10% MP) [potion of cure mutation]
 71430 | Hell     | Lost mutation: Armour fits poorly on your strangely shaped body. [potion of cure mutation]
 71430 | Hell     | Lost mutation: You are somewhat resistant to further mutation. [potion of cure mutation]
 71452 | Dis:1    | Entered Level 1 of the Iron City of Dis
 71474 | Dis:1    | Reached skill level 10 in Spellcasting
 71852 | Dis:1    | Reached skill level 27 in Axes
 73578 | Dis:3    | Noticed an ancient lich
 73584 | Dis:3    | Killed an ancient lich
 74420 | Dis:5    | Reached skill level 27 in Shields
 74748 | Dis:5    | Reached skill level 5 in Necromancy
 76885 | Dis:7    | Entered Level 7 of the Iron City of Dis
 77317 | Dis:7    | Reached skill level 15 in Spellcasting
 77317 | Dis:7    | Reached skill level 10 in Necromancy
 78196 | Dis:7    | Noticed Dispater
 78215 | Dis:7    | Killed Dispater
 78264 | Dis:7    | Got an iron rune of Zot
 78709 | Depths:4 | Bought a Necronomicon for 1766 gold pieces
 78719 | Depths:4 | Learned a level 8 spell: Necromutation
 78728 | Depths:4 | Learned a level 8 spell: Borgnjor's Revivification
 78735 | Depths:4 | Learned a level 6 spell: Deflect Missiles
 78825 | Tar:1    | Entered Level 1 of Tartarus
 83013 | Tar:4    | Reached skill level 15 in Necromancy
 84309 | Tar:5    | Gained mutation: Armour fits poorly on your strangely shaped body. [mutagenic glow]
 84546 | Hell     | Lost mutation: Armour fits poorly on your strangely shaped body. [potion of cure mutation]
 84546 | Hell     | Lost mutation: You are resistant to electric shocks. (rElec) [potion of cure mutation]
 85862 | Tar:7    | Entered Level 7 of Tartarus
 85940 | Tar:7    | Gained mutation: You are weak. (Str -2) [mutagenic glow]
 85959 | Tar:7    | Gained mutation: Your magical capacity is low. (-10% MP) [mutagenic glow]
 86246 | Tar:7    | Gained mutation: You are clumsy. (Dex -2) [a neqoxec]
 86364 | Tar:7    | Got a translucent ivory amulet
 86758 | Tar:7    | Got a scorched golden ring
 86759 | Tar:7    | Identified the amulet of Syrulavu {RegenMP SInv} (You found it on level 7 of Tartarus)
 86760 | Tar:7    | Identified the ring "Zemucre" {MR+ Int+3} (You found it on level 7 of Tartarus)
 86765 | Tar:7    | Got a spiked plate armour
 86766 | Tar:7    | Identified the cursed +1 plate armour of the Suns {+Blink rN+ MP+9 Dex-2} (You found it on level 7 of Tartarus)
 86859 | Tar:7    | Got a crude buckler
 86860 | Tar:7    | Identified the +1 buckler of the Maze {rPois rN+++ Str-3 SInv} (You found it on level 7 of Tartarus)
 86863 | Tar:7    | Identified the Disquisition on Shifting Flight
 86880 | Tar:7    | Got a transparent scale mail
 86881 | Tar:7    | Identified the +3 scale mail "Zaesupuc" {rPois Slay+2} (You found it on level 7 of Tartarus)
 86954 | Tar:7    | Noticed Ereshkigal
 86975 | Tar:7    | Killed Ereshkigal
 87146 | Tar:7    | Got a bone rune of Zot
 87299 | Tar:7    | Noticed an ancient lich
 87308 | Tar:7    | Killed an ancient lich
 87687 | Coc:1    | Entered Level 1 of Cocytus
 88009 | Coc:2    | You fall through a shaft!
 88082 | Coc:3    | Noticed a shard shrike
 88085 | Coc:3    | Killed a shard shrike
 88265 | Coc:5    | Noticed a shard shrike
 88274 | Coc:5    | Killed a shard shrike
 88631 | Coc:7    | Entered Level 7 of Cocytus
 88738 | Coc:7    | Noticed the Serpent of Hell
 88746 | Coc:7    | Killed the Serpent of Hell
 88878 | Coc:7    | Reached skill level 10 in Throwing
 89022 | Coc:7    | Noticed a shard shrike
 89031 | Coc:7    | Killed a shard shrike
 89098 | Coc:7    | Noticed Antaeus
 89107 | Coc:7    | Killed Antaeus
 89120 | Coc:7    | Got an icy rune of Zot
 89611 | Coc:7    | Got a translucent iron ring
 89613 | Coc:7    | Got a fine copper ring
 89721 | Coc:7    | Noticed a shard shrike
 89730 | Coc:7    | Killed a shard shrike
 89932 | Depths:4 | Identified the ring of Xibiorr {Wiz *Contam rPois SInv} (You took it off a skeletal warrior on level 7 of Cocytus)
 89933 | Depths:4 | Identified the ring "Ystiteewn" {*Corrode rC+ MR++ Str+3 Slay+2} (You took it off a skeletal warrior on level 7 of Cocytus)
 89946 | Pan      | Entered Pandemonium
 90045 | Pan      | Noticed Jaesch the pandemonium lord
 90059 | Pan      | HP: 8/249 [Jaesch the pandemonium lord/great icy blast (84)]
 90066 | Pan      | Killed Jaesch the pandemonium lord
 90188 | Pan      | Found an exit through the horrors of the Abyss.
 90574 | Pan      | Noticed Fyschitz the pandemonium lord
 90581 | Pan      | Killed Fyschitz the pandemonium lord
 90592 | Pan      | Gained mutation: You expend magic power (3 MP) to strengthen your wands. [a cacodemon]
 90770 | Pan      | Lost mutation: You are weak. (Str -2) [potion of cure mutation]
 90770 | Pan      | Lost mutation: You are clumsy. (Dex -2) [potion of cure mutation]
 90770 | Pan      | Lost mutation: Your magical capacity is low. (-10% MP) [potion of cure mutation]
 90770 | Pan      | Lost mutation: You expend magic power (3 MP) to strengthen your wands. [potion of cure mutation]
 91047 | Pan      | Gained mutation: Scrolls take you a little longer to read. [a cacodemon]
 91079 | Pan      | Found an exit through the horrors of the Abyss.
 91434 | Pan      | Found an exit through the horrors of the Abyss.
 91512 | Pan      | Noticed Hotugargh the pandemonium lord
 91522 | Pan      | Killed Hotugargh the pandemonium lord
 91696 | Pan      | Gained mutation: You are partially covered in icy blue scales. (AC +2) [a neqoxec]
 91698 | Pan      | Gained mutation: Potions and wands are less effective at restoring your health. [a neqoxec]
 92168 | Pan      | Lost mutation: Scrolls take you a little longer to read. [potion of cure mutation]
 92168 | Pan      | Lost mutation: Potions and wands are less effective at restoring your health. [potion of cure mutation]
 92168 | Pan      | Lost mutation: You are partially covered in icy blue scales. (AC +2) [potion of cure mutation]
 92678 | Pan      | Noticed Ypaheso the pandemonium lord
 92686 | Pan      | Killed Ypaheso the pandemonium lord
 93135 | Pan      | Found an exit through the horrors of the Abyss.
 93418 | Pan      | Found an exit through the horrors of the Abyss.
 93599 | Pan      | Noticed Ylial the pandemonium lord
 93615 | Pan      | Killed Ylial the pandemonium lord
 94439 | Pan      | Found an exit through the horrors of the Abyss.
 94741 | Pan      | Noticed Jiaptusi the pandemonium lord
 94749 | Pan      | Killed Jiaptusi the pandemonium lord
 95373 | Pan      | Gained mutation: You regenerate slowly when monsters are visible. [a neqoxec]
 95407 | Pan      | Noticed Fosafe the pandemonium lord
 95413 | Pan      | Killed Fosafe the pandemonium lord
 95721 | Pan      | Found an exit through the horrors of the Abyss.
 95818 | Pan      | Gained mutation: You occasionally shout uncontrollably at your foes. [a cacodemon]
 95997 | Pan      | Noticed Limejosch the pandemonium lord
 96012 | Pan      | Killed Limejosch the pandemonium lord
 96839 | Pan      | Found an exit through the horrors of the Abyss.
 96873 | Pan      | Identified the Incunabulum of the Shifting Voyage
 97596 | Pan      | Noticed Ocaomiff the pandemonium lord
 97598 | Pan      | Killed Ocaomiff the pandemonium lord
 97611 | Pan      | Found an exit through the horrors of the Abyss.
 98715 | Pan      | Noticed Anaa the pandemonium lord
 98719 | Pan      | Killed Anaa the pandemonium lord
 98776 | Pan      | Got a demonic rune of Zot
 99093 | Pan      | Found an exit through the horrors of the Abyss.
 99932 | Pan      | Noticed Seudgh the pandemonium lord
 99940 | Pan      | Killed Seudgh the pandemonium lord
100331 | Pan      | Found an exit through the horrors of the Abyss.
100788 | Pan      | Found an exit through the horrors of the Abyss.
100790 | Pan      | Gained mutation: You do not regenerate when monsters are visible. [a neqoxec]
101032 | Pan      | Noticed Adomif the pandemonium lord
101046 | Pan      | Killed Adomif the pandemonium lord
101188 | Pan      | Identified the Compendium of the Barracuda
101720 | Pan      | Noticed Parizuqi the pandemonium lord
101737 | Pan      | Killed Parizuqi the pandemonium lord
101759 | Pan      | Found an exit through the horrors of the Abyss.
102965 | Pan      | Noticed Yweogg the pandemonium lord
102980 | Pan      | Killed Yweogg the pandemonium lord
103019 | Pan      | Found an exit through the horrors of the Abyss.
103645 | Pan      | Entered the realm of Mnoleg.
103955 | Pan      | Found an exit through the horrors of the Abyss.
104213 | Pan      | Gained mutation: You expend magic power (3 MP) to strengthen your wands. [a neqoxec]
104251 | Pan      | Gained mutation: You are clumsy. (Dex -2) [a neqoxec]
104321 | Pan      | Noticed Mnoleg
104325 | Pan      | Killed Mnoleg
104355 | Pan      | Got a glowing rune of Zot
104550 | Pan      | Entered the realm of Lom Lobon.
104551 | Pan      | Lost mutation: You are clumsy. (Dex -2) [potion of cure mutation]
104551 | Pan      | Lost mutation: You occasionally shout uncontrollably at your foes. [potion of cure mutation]
104551 | Pan      | Lost mutation: You do not regenerate when monsters are visible. [potion of cure mutation]
104551 | Pan      | Lost mutation: You regenerate slowly when monsters are visible. [potion of cure mutation]
104736 | Pan      | Found an exit through the horrors of the Abyss.
104856 | Pan      | Noticed Lom Lobon
104858 | Pan      | Killed Lom Lobon
104898 | Pan      | Got a magical rune of Zot
105575 | Pan      | Entered the realm of Gloorx Vloq.
105707 | Pan      | Noticed Gloorx Vloq
105738 | Pan      | Killed Gloorx Vloq
105778 | Pan      | Got a dark rune of Zot
106101 | Pan      | Found an exit through the horrors of the Abyss.
106305 | Pan      | Gained mutation: You are dopey. (Int -2) [a cacodemon]
106484 | Pan      | Found an exit through the horrors of the Abyss.
106647 | Pan      | Noticed Lyduenn the pandemonium lord
106653 | Pan      | Killed Lyduenn the pandemonium lord
106661 | Pan      | Got a brightly glowing sapphire amulet
106663 | Pan      | Identified the amulet "Zarulul" {RegenMP *Corrode rF+ rN+} (You found it in Pandemonium)
106673 | Depths:4 | Escaped Pandemonium
106751 | Geh:1    | Entered Level 1 of Gehenna
106907 | Geh:2    | Reached skill level 27 in Spellcasting
107011 | Geh:2    | Reached skill level 15 in Dodging
107575 | Geh:7    | Entered Level 7 of Gehenna
108381 | Geh:7    | Got a slimy zirconium amulet
108433 | Geh:7    | Noticed Asmodeus
108442 | Geh:7    | Killed Asmodeus
108453 | Geh:7    | Got an obsidian rune of Zot
108778 | Depths:3 | Identified the amulet of Qoxzoc {Regen+ Int+4 Dex+4 SInv} (You took it off a balrug on level 7 of Gehenna)
108788 | Pan      | Entered Pandemonium
108788 | Pan      | Found an exit through the horrors of the Abyss.
109468 | Pan      | Noticed Keahyad the pandemonium lord
109473 | Pan      | Killed Keahyad the pandemonium lord
109689 | Pan      | Noticed Xytawij the pandemonium lord
109693 | Pan      | Killed Xytawij the pandemonium lord
109693 | Pan      | Reached skill level 27 in Necromancy
109932 | Pan      | Found an exit through the horrors of the Abyss.
111135 | Pan      | Found a white marble altar of Elyvilon.
111658 | Pan      | Found a glowing silver altar of Zin.
112466 | Pan      | Noticed a seraph
112471 | Pan      | Killed a seraph
112487 | Pan      | Found a glowing golden altar of the Shining One.
112500 | Pan      | Got an ichor-stained long sword
112529 | Pan      | Identified the +6 long sword of the Penguin {speed, rF+ Dex+2} (You found it in Pandemonium)
112540 | Pan      | Got a bound marble ring
112780 | Pan      | Reached skill level 27 in Transmutations
112861 | Pan      | Got a flickering bronze ring
112863 | Pan      | Identified the ring of Nomug {rElec Str+4 Slay+2} (You took it off a daeva in Pandemonium)
112864 | Pan      | Identified the ring of the Salamander {rF+ Int+2} (You found it in Pandemonium)
113331 | Depths:3 | Escaped Pandemonium
113341 | Pan      | Entered Pandemonium
113418 | Pan      | Noticed Xyliarche the pandemonium lord
113443 | Pan      | Killed Xyliarche the pandemonium lord
113532 | Pan      | Found an exit through the horrors of the Abyss.
113994 | Pan      | Gained mutation: You are robust. (+10% HP) [a neqoxec]
114120 | Pan      | Entered the realm of Cerebov.
114138 | Pan      | Noticed Cerebov
114166 | Pan      | Killed Cerebov
114166 | Pan      | Reached skill level 10 in Charms
114180 | Pan      | Got a shimmering lapis lazuli ring
114187 | Pan      | Identified the ring "Oliata" {+Fly Int+4} (You found it in Pandemonium)
114324 | Pan      | Got a fiery rune of Zot
114383 | Pan      | Identified the Almanac of Dark Arts and Summoning
114394 | Pan      | Got a twitching amber ring
114400 | Pan      | Identified the ring of Joracar {rCorr rN+} (You found it in Pandemonium)
114464 | Pan      | Got a smoking steel ring
114528 | Pan      | Reached skill level 5 in Air Magic
114953 | Pan      | Found an exit through the horrors of the Abyss.
115271 | Pan      | Got a blackened hand axe
115272 | Pan      | Identified the +5 hand axe of Nodoit {chop, rN+ Str+3} (You found it in Pandemonium)
115274 | Pan      | Identified the ring "Wetwyot" {rC+ Slay+3 SInv} (You found it in Pandemonium)
115423 | Pan      | Took an exit into the Abyss.
115423 | Abyss:1  | Escaped into the Abyss
115436 | Depths:3 | Escaped the Abyss
116289 | Tomb:1   | Entered Level 1 of the Tomb of the Ancients
116440 | Tomb:1   | Noticed a greater mummy
116449 | Tomb:1   | Killed a greater mummy
117041 | Tomb:2   | Noticed a greater mummy
117045 | Tomb:2   | Noticed a greater mummy
117050 | Tomb:2   | Noticed a greater mummy
117051 | Tomb:2   | Noticed a greater mummy
117069 | Tomb:1   | Killed a greater mummy
117280 | Tomb:2   | Killed a greater mummy
117282 | Tomb:2   | Killed a greater mummy
117287 | Tomb:2   | Killed a greater mummy
117824 | Tomb:1   | Noticed a greater mummy
117824 | Tomb:1   | Noticed a greater mummy
117824 | Tomb:1   | Noticed a greater mummy
117827 | Tomb:1   | Noticed a greater mummy
117831 | Tomb:1   | Noticed a greater mummy
117831 | Tomb:1   | Noticed a greater mummy
118010 | Tomb:1   | Killed a greater mummy
118015 | Tomb:2   | Killed a greater mummy
118244 | Tomb:1   | Noticed a greater mummy
118244 | Tomb:1   | Killed a greater mummy
118246 | Tomb:1   | Killed a greater mummy
118250 | Tomb:1   | Killed a greater mummy
118250 | Tomb:1   | Killed a greater mummy
118252 | Tomb:1   | Killed a greater mummy
118261 | Tomb:1   | Noticed a greater mummy
118266 | Tomb:1   | Killed a greater mummy
118283 | Tomb:1   | Noticed a greater mummy
118293 | Tomb:1   | Killed a greater mummy
118298 | Tomb:1   | Noticed a greater mummy
118304 | Tomb:1   | Killed a greater mummy
118309 | Tomb:1   | Noticed a greater mummy
118311 | Tomb:1   | Killed a greater mummy
118328 | Tomb:1   | Noticed a greater mummy
118330 | Tomb:1   | Noticed a greater mummy
118337 | Tomb:1   | Killed a greater mummy
118351 | Tomb:1   | Killed a greater mummy
118476 | Tomb:1   | Noticed a greater mummy
118478 | Tomb:1   | Noticed a greater mummy
118485 | Tomb:1   | Killed a greater mummy
118487 | Tomb:1   | Killed a greater mummy
118492 | Tomb:1   | Noticed a greater mummy
118501 | Tomb:1   | Killed a greater mummy
118526 | Tomb:1   | Noticed a greater mummy
118539 | Tomb:1   | Killed a greater mummy
118548 | Tomb:1   | Noticed a greater mummy
118556 | Tomb:1   | Killed a greater mummy
118566 | Tomb:1   | Noticed a greater mummy
118569 | Tomb:1   | Noticed a greater mummy
118573 | Tomb:1   | Killed a greater mummy
118585 | Tomb:1   | Killed a greater mummy
118591 | Tomb:1   | Noticed a greater mummy
118591 | Tomb:1   | Noticed a greater mummy
118598 | Tomb:1   | Killed a greater mummy
118599 | Tomb:1   | Killed a greater mummy
118969 | Tomb:3   | Entered Level 3 of the Tomb of the Ancients
119132 | Tomb:3   | Noticed a greater mummy
119136 | Tomb:3   | Killed a greater mummy
119142 | Tomb:3   | Noticed a greater mummy
119150 | Tomb:3   | Killed a greater mummy
119150 | Tomb:3   | Reached skill level 15 in Charms
119412 | Tomb:3   | Noticed a greater mummy
119422 | Tomb:3   | Killed a greater mummy
119583 | Tomb:3   | Noticed a greater mummy
119589 | Tomb:3   | Killed a greater mummy
119684 | Tomb:3   | Noticed a greater mummy
119688 | Tomb:3   | Killed a greater mummy
119773 | Tomb:3   | Got a warped pewter ring
119775 | Tomb:3   | Identified the Reference Book on Combat Magic
119805 | Tomb:3   | Got a brightly glowing silver ring
119807 | Tomb:3   | Identified the ring "Cusmocefo" {Int+5 Stlth-} (You found it on level 3 of the Tomb of the Ancients)
119808 | Tomb:3   | Identified the ring "Yligg" {rF+ Int+2} (You found it on level 3 of the Tomb of the Ancients)
119819 | Tomb:3   | Learned a level 4 spell: Passage of Golubria
119855 | Tomb:3   | Learned a level 2 spell: Swiftness
119908 | Tomb:3   | Noticed a greater mummy
119919 | Tomb:3   | Killed a greater mummy
119929 | Tomb:3   | Noticed a greater mummy
119938 | Tomb:3   | Killed a greater mummy
119938 | Tomb:3   | Reached skill level 1 in Translocations
119972 | Tomb:3   | Noticed a greater mummy
119985 | Tomb:3   | Killed a greater mummy
119998 | Tomb:3   | Noticed a greater mummy
120014 | Tomb:3   | Killed a greater mummy
120043 | Tomb:3   | Got a golden rune of Zot
121947 | Depths:5 | Learned a level 7 spell: Spellforged Servitor
121969 | Zig:1    | Entered Level 1 of a ziggurat
121993 | Zig:2    | Entered Level 2 of a ziggurat
122016 | Zig:2    | Got a crude broad axe
122017 | Zig:2    | Identified the cursed +3 broad axe of Wrath {chop, Str+4} (You found it on level 2 of a ziggurat)
122025 | Zig:3    | Entered Level 3 of a ziggurat
122056 | Zig:4    | Entered Level 4 of a ziggurat
122097 | Zig:5    | Entered Level 5 of a ziggurat
122102 | Zig:5    | Noticed Foekum the pandemonium lord
122112 | Zig:5    | Killed Foekum the pandemonium lord
122147 | Zig:5    | Got a coiled tin amulet
122153 | Zig:5    | Identified the amulet "Culey" {RegenMP rElec rPois Str+7} (You found it on level 5 of a ziggurat)
122166 | Zig:6    | Entered Level 6 of a ziggurat
122190 | Zig:6    | Identified the Guide on the Blaze and Poison
122212 | Zig:7    | Entered Level 7 of a ziggurat
122240 | Zig:7    | Identified Ewnorr's Volume of Cold and Feathers
122246 | Zig:7    | Got a transparent hand axe
122250 | Zig:7    | Identified the cursed +0 hand axe "Rouliduu" {antimagic, +Inv rPois Stlth+} (You found it on level 7 of a ziggurat)
122268 | Zig:8    | Entered Level 8 of a ziggurat
122291 | Zig:8    | Identified the Grimoire of Torrid Air
122295 | Zig:8    | Identified Sif Muna's Handbook of Poisoning and Beguiling
122547 | Zig:9    | Entered Level 9 of a ziggurat
122589 | Zig:9    | Learned a level 9 spell: Dragon's Call
122679 | Zig:9    | Reached skill level 1 in Conjurations
122679 | Zig:9    | Reached skill level 1 in Summonings
122679 | Zig:9    | Reached skill level 5 in Translocations
122694 | Zig:10   | Entered Level 10 of a ziggurat
122724 | Zig:10   | Got a glittering crystal amulet
122732 | Zig:11   | Entered Level 11 of a ziggurat
122757 | Zig:11   | Reached skill level 27 in Armour
122912 | Zig:12   | Entered Level 12 of a ziggurat
122918 | Zig:12   | Noticed a greater mummy
122919 | Zig:12   | Noticed a greater mummy
122920 | Zig:12   | Noticed a greater mummy
122921 | Zig:12   | Noticed a greater mummy
122921 | Zig:12   | Noticed a greater mummy
122924 | Zig:12   | Noticed a greater mummy
122926 | Zig:12   | Killed a greater mummy
122930 | Zig:12   | Killed a greater mummy
122933 | Zig:12   | Killed a greater mummy
122933 | Zig:12   | Killed a greater mummy
122934 | Zig:12   | Killed a greater mummy
122936 | Zig:12   | Killed a greater mummy
123058 | Zig:12   | Identified Sif Muna's Volume of Hurtful Dark Rites
123060 | Zig:12   | Identified the Catalogue of the Many Songs
123062 | Zig:12   | Identified Juxzinurch's Disquisition on Damaging Poisoning
123064 | Zig:12   | Identified the Guide on Helpful Lightness
123077 | Zig:12   | Identified the Catalogue of the Mountains and Creation
123104 | Zig:12   | Got a smoking glaive
123105 | Zig:12   | Identified the cursed +2 glaive "Lantam" {flame, rC+ SInv} (You found it on level 12 of a ziggurat)
123106 | Zig:12   | Identified the amulet "Roarues" {Reflect Dex+5 SH+3} (You found it on level 10 of a ziggurat)
123121 | Zig:13   | Entered Level 13 of a ziggurat
123129 | Zig:13   | Noticed Niapter the pandemonium lord
123135 | Zig:13   | Killed Niapter the pandemonium lord
123159 | Zig:13   | Got a transparent wooden ring
123173 | Zig:13   | Got an ichor-stained battleaxe
123177 | Zig:13   | Identified the +3 battleaxe of Cyodo {chop, +Fly rPois rC-} (You found it on level 13 of a ziggurat)
123187 | Zig:13   | Identified the ring of Gysie {rElec rF+ AC+2} (You found it on level 13 of a ziggurat)
123201 | Zig:14   | Entered Level 14 of a ziggurat
123218 | Zig:14   | Noticed Yffiboam the pandemonium lord
123226 | Zig:14   | Killed Yffiboam the pandemonium lord
123272 | Zig:15   | Entered Level 15 of a ziggurat
123594 | Zig:15   | Identified Vehumet's Tome of Conjuration and Transmigration
123601 | Zig:15   | Got a flickering wooden ring
123624 | Zig:15   | Identified the ring "Apedgh" {rPois rC+ rN+ Str+3 Stlth+} (You found it on level 15 of a ziggurat)
123629 | Zig:16   | Entered Level 16 of a ziggurat
123635 | Zig:16   | Noticed Azzok's ghost (legendary MiBe)
123653 | Zig:16   | Killed Azzok's ghost
123686 | Zig:16   | Identified Arhufonte's Tome of Gliding Companions
123699 | Zig:16   | Got a wavering iron ring
123700 | Zig:16   | Identified the ring "Nymoal" {*Contam AC+3 Str+6 Dex+2 SInv} (You found it on level 16 of a ziggurat)
123729 | Zig:17   | Entered Level 17 of a ziggurat
123783 | Zig:17   | Got a transparent amber ring
123784 | Zig:17   | Identified the ring "Letaenups" {+Fly MP+9 Str-5 Int+4 Stlth-} (You found it on level 17 of a ziggurat)
123810 | Zig:17   | Identified the Tome of Dislocation
123831 | Zig:17   | Reached skill level 1 in Unarmed Combat
123841 | Zig:18   | Entered Level 18 of a ziggurat
123968 | Zig:18   | Got a scorched iron amulet
123969 | Zig:18   | Identified Sif Muna's Reference Book on Gliding Changing
123973 | Zig:18   | Got a vibrating granite ring
123994 | Zig:18   | Got a slimy war axe
123997 | Zig:18   | Identified the +5 war axe "Myodad" {speed, Str+4 Int+4} (You found it on level 18 of a ziggurat)
123999 | Zig:18   | Got a smoking demon blade
124001 | Zig:18   | Identified the +4 demon blade of Annihilation {vamp, Int+5 SInv} (You found it on level 18 of a ziggurat)
124002 | Zig:18   | Identified the amulet "Semapam" {+Blink +Rage Dex+4} (You found it on level 18 of a ziggurat)
124003 | Zig:18   | Identified the ring "Souffos" {EV+1 Int+3} (You found it on level 18 of a ziggurat)
124020 | Zig:19   | Entered Level 19 of a ziggurat
124080 | Zig:19   | Identified the Grimoire of Combat Magic
124282 | Zig:20   | Entered Level 20 of a ziggurat
124298 | Zig:20   | Noticed Luffiwn the pandemonium lord
124305 | Zig:20   | Killed Luffiwn the pandemonium lord
124380 | Zig:20   | Got a twitching glass ring
124410 | Zig:20   | Identified the ring of the Unkillable {rPois rN+} (You found it on level 20 of a ziggurat)
124422 | Zig:20   | Got a pair of steaming boots
124433 | Zig:20   | Identified the +0 pair of boots of Qazlal's Hope {*Contam +Blink rCorr Dex+5} (You acquired it on level 20 of a ziggurat)
124735 | Zig:20   | Got a pair of jewelled boots
124736 | Zig:20   | Identified the +0 pair of boots of the Monkey's Uncle {rN+ MR+ Int-5} (You acquired it on level 20 of a ziggurat)
124744 | Zig:20   | Got a faintly glowing platinum ring
124747 | Zig:20   | Identified the ring "Cury Wih" {*Corrode +Inv rF+ MR++ AC+2} (You found it on level 20 of a ziggurat)
124796 | Zig:21   | Entered Level 21 of a ziggurat
124796 | Zig:21   | Noticed Goblin1989's ghost (legendary DDEE)
124823 | Zig:21   | Killed Goblin1989's ghost
124960 | Zig:21   | Identified the Disquisition on Creation and the Traveller
124988 | Zig:21   | Got a brightly glowing tin ring
124999 | Zig:21   | Identified the ring "Atza" {Fire SInv} (You found it on level 21 of a ziggurat)
125017 | Zig:22   | Entered Level 22 of a ziggurat
125092 | Zig:22   | Identified the Guide on Battle Magic
125102 | Zig:22   | Got an ichor-stained cloak
125114 | Zig:22   | Identified the cursed +0 cloak "Xoilunti" {Dex+2} (You found it on level 22 of a ziggurat)
125120 | Zig:22   | Got a pair of crude boots
125131 | Zig:22   | Identified the +0 pair of boots of Okawaru {rF+ Str-4 Int+4} (You acquired it on level 22 of a ziggurat)
125142 | Zig:22   | Got a jewelled crystal plate armour
125143 | Zig:22   | Identified the +1 crystal plate armour of the Orcish Mines {*Slow rElec rPois Regen+} (You acquired it on level 22 of a ziggurat)
125230 | Zig:23   | Entered Level 23 of a ziggurat
125306 | Zig:23   | Identified the Tome of Supportive Protection
125311 | Zig:23   | Got a glittering lead ring
125321 | Zig:23   | Got a scorched pewter ring
125332 | Zig:23   | Identified the ring of Mysticism {rN+ SInv} (You found it on level 23 of a ziggurat)
125333 | Zig:23   | Identified the ring "Aptuzyha" {+Blink Stlth-} (You found it on level 23 of a ziggurat)
125341 | Zig:23   | Got a translucent great mace
125343 | Zig:23   | Identified the +5 great mace of Subterfuge {flame, Int+4 Stlth+} (You found it on level 23 of a ziggurat)
125383 | Zig:24   | Entered Level 24 of a ziggurat
125461 | Zig:24   | Got a shimmering platinum amulet
125472 | Zig:24   | Identified the amulet "Haereq" {rPois rF- MR+ Regen+} (You found it on level 24 of a ziggurat)
125489 | Zig:24   | Identified the Volume of Venomous Feathers
125512 | Zig:25   | Entered Level 25 of a ziggurat
125535 | Zig:25   | Noticed an ancient lich
125536 | Zig:25   | Noticed an ancient lich
125553 | Zig:25   | Killed an ancient lich
125564 | Zig:25   | Noticed an ancient lich
125581 | Zig:25   | Killed an ancient lich
125583 | Zig:25   | Reached skill level 27 in Invocations
125583 | Zig:25   | Killed an ancient lich
125599 | Zig:25   | Reached skill level 5 in Summonings
125659 | Zig:25   | Identified Senoezes's Catalogue of Captivating Fire
125687 | Zig:25   | Got an ancient jade ring
125705 | Zig:25   | Identified the cursed ring "Visy" {Int-3 SInv} (You found it on level 25 of a ziggurat)
125724 | Zig:25   | Got a twisted plate armour
125727 | Zig:25   | Identified the +9 plate armour "Onar" {-Cast rElec Int+2} (You found it on level 25 of a ziggurat)
125741 | Zig:26   | Entered Level 26 of a ziggurat
125780 | Zig:26   | Reached skill level 5 in Long Blades
125786 | Zig:26   | Reached skill level 1 in Maces & Flails
125792 | Zig:26   | Reached skill level 27 in Dodging
125799 | Zig:26   | Reached skill level 5 in Conjurations
125832 | Zig:26   | Got a distressingly furry shield
125844 | Zig:26   | Identified the +4 shield of Distant Shores {MR- Int+2 Dex+3} (You found it on level 26 of a ziggurat)
125857 | Zig:26   | Got a fine pewter amulet
125864 | Zig:26   | Got a scintillating lead ring
125872 | Zig:26   | Identified the ring of Starshine {Dex+3 Stlth+} (You found it on level 26 of a ziggurat)
125878 | Zig:26   | Identified the amulet of Pibboah {Harm *Drain rPois rC+ MR+} (You found it on level 26 of a ziggurat)
125883 | Zig:26   | Got a brightly glowing granite ring
125884 | Zig:26   | Identified the ring "Roisynia" {Fire Str+4 Int+3} (You found it on level 26 of a ziggurat)
125893 | Zig:26   | Identified the Volume of the Camelopard
125912 | Zig:26   | Got faintly humming mottled dragon scales
125923 | Zig:26   | Identified the +5 mottled dragon scales "Vadd" {rElec rF+} (You found it on level 26 of a ziggurat)
125992 | Zig:27   | Entered Level 27 of a ziggurat
126000 | Zig:27   | Noticed a juggernaut
126000 | Zig:27   | Noticed a juggernaut
126000 | Zig:27   | Noticed a juggernaut
126001 | Zig:27   | Noticed a juggernaut
126005 | Zig:27   | Killed a juggernaut
126006 | Zig:27   | Killed a juggernaut
126006 | Zig:27   | Killed a juggernaut
126008 | Zig:27   | Noticed a juggernaut
126008 | Zig:27   | Killed a juggernaut
126012 | Zig:27   | Reached skill level 5 in Unarmed Combat
126015 | Zig:27   | Noticed a juggernaut
126022 | Zig:27   | Noticed a juggernaut
126022 | Zig:27   | Killed a juggernaut
126024 | Zig:27   | Reached skill level 5 in Maces & Flails
126027 | Zig:27   | Killed a juggernaut
126037 | Zig:27   | Killed a juggernaut
126037 | Zig:27   | Reached skill level 10 in Long Blades
126116 | Zig:27   | Got a smoking morningstar
126235 | Depths:4 | Learned a level 5 spell: Silence
126882 | D:1      | Identified the +8 morningstar "Jirhubbo" {crush, Int+2} (You found it on level 27 of a ziggurat)
126910 | Zig:1    | Entered Level 1 of a ziggurat
126918 | Zig:1    | Reached skill level 1 in Hexes
126929 | Zig:2    | Entered Level 2 of a ziggurat
126965 | Zig:3    | Entered Level 3 of a ziggurat
126988 | Zig:3    | Got a faintly glowing ivory ring
127003 | Zig:3    | Identified the cursed ring "Iluisoti" {EV-3 Int+4} (You found it on level 3 of a ziggurat)
127053 | Zig:4    | Entered Level 4 of a ziggurat
127063 | Zig:4    | Reached skill level 5 in Hexes
127083 | Zig:5    | Entered Level 5 of a ziggurat
127114 | Zig:5    | Got a shimmering graven amulet
127123 | Zig:6    | Entered Level 6 of a ziggurat
127165 | Zig:7    | Entered Level 7 of a ziggurat
127215 | Zig:8    | Entered Level 8 of a ziggurat
127237 | Zig:8    | Identified the amulet of Hiushrom {Harm *Drain +Blink rF+ rN+ SInv} (You found it on level 5 of a ziggurat)
127245 | Zig:8    | Got a scintillating lapis lazuli ring
127254 | Zig:8    | Got a dazzling war axe
127262 | Zig:8    | Got a coiled pewter amulet
127275 | Zig:8    | Gained mutation: You are resistant to electric shocks. (rElec) [potion of beneficial mutation]
127276 | Zig:8    | Gained mutation: You are partially covered in large bone plates. (SH +4) [potion of beneficial mutation]
127277 | Zig:8    | Identified the +6 war axe "Ufidor" {speed, *Corrode rN++ Dex+9 Stlth+} (You found it on level 8 of a ziggurat)
127285 | Zig:8    | Identified the ring of Attitude {rF- rN+ Str+2 Int+3 Slay+2} (You found it on level 8 of a ziggurat)
127299 | Zig:8    | Identified the amulet of Pomodom {RegenMP rElec rN+} (You found it on level 8 of a ziggurat)
127316 | Zig:8    | Reached skill level 10 in Hexes
127321 | Zig:8    | Got a pair of steaming gloves
127332 | Zig:8    | Identified the +2 pair of gloves of Boibb {rF+ MR++ Dex-2} (You acquired it on level 8 of a ziggurat)
127343 | Zig:9    | Entered Level 9 of a ziggurat
127401 | Zig:9    | Identified Vaxzuag's Volume of Ashen Dark Secrets
127420 | Zig:10   | Entered Level 10 of a ziggurat
127607 | Zig:11   | Entered Level 11 of a ziggurat
127640 | Zig:11   | Reached skill level 10 in Conjurations
127763 | Zig:11   | Identified Mir Omn's Catalogue of Unstable Stones
127771 | Zig:11   | Got a steaming pewter ring
127779 | Zig:11   | Identified Hickil's Grimoire of Assistive Air
127784 | Zig:11   | Got a heavily runed jade ring
127807 | Zig:11   | Identified the ring of the Slug {Ice rElec Dex+3 SInv} (You found it on level 11 of a ziggurat)
127809 | Zig:11   | Identified the ring of Honesty {*Contam rC++ MP+9 Str+8 SInv} (You found it on level 11 of a ziggurat)
127818 | Zig:11   | Got a pair of ichor-stained boots
127849 | Zig:11   | Identified the +1 pair of boots of Alethrof {rElec Str+4} (You acquired it on level 11 of a ziggurat)
127867 | Zig:12   | Entered Level 12 of a ziggurat
127894 | Zig:12   | Reached skill level 10 in Summonings
127931 | Zig:12   | Got a wavering glass ring
127938 | Zig:12   | Identified the Disquisition on Destructive Boosts
127971 | Zig:12   | Gained mutation: Your skin changes colour to match your surroundings (Stealth+). [potion of beneficial mutation]
128002 | Zig:13   | Entered Level 13 of a ziggurat
128106 | Zig:13   | Identified the Disquisition on Cloudy Flames
128233 | Zig:14   | Entered Level 14 of a ziggurat
128280 | Zig:14   | Identified the Tome of Toxins and the Frostbite
128322 | Zig:14   | Learned a level 7 spell: Orb of Destruction
128327 | Zig:14   | Identified the ring of Tantuqal {Fire rPois MR+ Str+3} (You found it on level 12 of a ziggurat)
128335 | Zig:15   | Entered Level 15 of a ziggurat
128337 | Zig:15   | Noticed Sagrath01's ghost (legendary DsWz)
128346 | Zig:15   | Killed Sagrath01's ghost
128380 | Zig:15   | Reached skill level 15 in Summonings
128441 | Zig:15   | Got a fine amber ring
128444 | Zig:15   | Identified the ring of Accord {Str+4 Dex+6} (You found it on level 15 of a ziggurat)
128454 | Zig:15   | Got a fine ruby amulet
128455 | Zig:15   | Identified the amulet "Cohaibb" {Gourm rF+ rC+} (You found it on level 15 of a ziggurat)
128475 | Zig:15   | Got a translucent bardiche
128483 | Zig:15   | Identified the +2 bardiche of Coonadiu {holy, Dex+4} (You found it on level 15 of a ziggurat)
128663 | Zig:16   | Entered Level 16 of a ziggurat
128677 | Zig:16   | Noticed a greater mummy
128677 | Zig:16   | Noticed a greater mummy
128677 | Zig:16   | Noticed a greater mummy
128679 | Zig:16   | Noticed a greater mummy
128679 | Zig:16   | Noticed a greater mummy
128679 | Zig:16   | Noticed a greater mummy
128680 | Zig:16   | Noticed a greater mummy
128682 | Zig:16   | Noticed a greater mummy
128685 | Zig:16   | Killed a greater mummy
128686 | Zig:16   | Noticed a greater mummy
128689 | Zig:16   | Killed a greater mummy
128690 | Zig:16   | Killed a greater mummy
128692 | Zig:16   | Killed a greater mummy
128699 | Zig:16   | Killed a greater mummy
128699 | Zig:16   | Killed a greater mummy
128701 | Zig:16   | Killed a greater mummy
128708 | Zig:16   | Killed a greater mummy
128710 | Zig:16   | Killed a greater mummy
128731 | Zig:16   | Got a fine golden ring
128739 | Zig:16   | Got a twitching brass ring
128838 | Zig:16   | Identified the ring "Houcoufi" {rPois rC+ Slay+5 Stlth+} (You found it on level 16 of a ziggurat)
128856 | Zig:16   | Got ancient shadow dragon scales
128880 | Zig:16   | Identified the cursed +0 shadow dragon scales "Plog" {Str+3 Stlth++++} (You found it on level 16 of a ziggurat)
128901 | Zig:16   | Identified the ring of Sichulos {*Tele rF- rN+ SInv} (You found it on level 16 of a ziggurat)
128911 | Zig:17   | Entered Level 17 of a ziggurat
128980 | Zig:17   | Identified the Catalogue of Enthralling Confrontation
129049 | Zig:18   | Entered Level 18 of a ziggurat
129177 | Zig:18   | Identified the Grimoire of the Ageless Moons
129201 | Zig:19   | Entered Level 19 of a ziggurat
129327 | Zig:19   | Identified the Reference Book on the Evil Birds
129336 | Zig:19   | Identified the Almanac of the Ancient Spirits
129348 | Zig:19   | Got a scorched plate armour
129353 | Zig:19   | Got an iridescent flail
129430 | Zig:20   | Entered Level 20 of a ziggurat
129454 | Zig:20   | Noticed a shard shrike
129456 | Zig:20   | Noticed an ancient lich
129460 | Zig:20   | Noticed a shard shrike
129464 | Zig:20   | Killed a shard shrike
129464 | Zig:20   | Killed a shard shrike
129470 | Zig:20   | Killed an ancient lich
129511 | Zig:20   | Got a twisted war axe
129554 | Zig:20   | Got a brightly glowing cloak
129556 | Zig:20   | Got an encrusted shield
129556 | Zig:20   | Got a pair of twisted gloves
129557 | Zig:20   | Identified the +2 cloak of Uheqyil {Dex+3} (You acquired it on level 20 of a ziggurat)
129578 | Zig:20   | Identified the +5 shield "Kolit" {rCorr Dex+6} (You acquired it on level 20 of a ziggurat)
129588 | Zig:20   | Identified the +0 pair of gloves of Servitude {Regen+ rCorr Dex-3} (You acquired it on level 20 of a ziggurat)
129598 | Zig:20   | Identified the +6 war axe of Foolhardiness {chop, rF- MR+ Int+3} (You found it on level 20 of a ziggurat)
129638 | Zig:21   | Entered Level 21 of a ziggurat
129662 | Zig:21   | Noticed a juggernaut
129662 | Zig:21   | Noticed a juggernaut
129662 | Zig:21   | Noticed a juggernaut
129666 | Zig:21   | Killed a juggernaut
129667 | Zig:21   | Noticed a juggernaut
129667 | Zig:21   | Noticed a juggernaut
129667 | Zig:21   | Noticed a juggernaut
129667 | Zig:21   | Noticed a juggernaut
129669 | Zig:21   | Noticed a juggernaut
129669 | Zig:21   | Killed a juggernaut
129669 | Zig:21   | Killed a juggernaut
129670 | Zig:21   | Noticed a juggernaut
129671 | Zig:21   | Killed a juggernaut
129675 | Zig:21   | Killed a juggernaut
129677 | Zig:21   | Killed a juggernaut
129679 | Zig:21   | Killed a juggernaut
129680 | Zig:21   | Killed a juggernaut
129681 | Zig:21   | Killed a juggernaut
129789 | Zig:21   | Got a sparkling glass ring
129801 | Zig:21   | Got a clouded brass ring
129807 | Zig:21   | Identified the ring "Kynwam" {+Fly Int+2 Stlth+} (You found it on level 21 of a ziggurat)
129809 | Zig:21   | Identified the ring of Nymocluik {*Drain rPois rC++} (You found it on level 21 of a ziggurat)
129961 | Zig:21   | Got a jewelled trident
129962 | Zig:21   | Identified the +7 trident "Fywuohod" {protect, rPois} (You found it on level 21 of a ziggurat)
129973 | Zig:21   | Got a jewelled great mace
129974 | Zig:21   | Identified the cursed +0 great mace of Fenaul {elec, *Contam rF++ rC+ Stlth+} (You found it on level 21 of a ziggurat)
130253 | Zig:22   | Entered Level 22 of a ziggurat
130349 | Zig:22   | Got a heavily runed plate armour
130485 | Zig:23   | Entered Level 23 of a ziggurat
130505 | Zig:23   | Noticed an orb of fire
130505 | Zig:23   | Noticed an orb of fire
130510 | Zig:23   | Noticed an orb of fire
130512 | Zig:23   | Noticed an orb of fire
130512 | Zig:23   | Noticed an orb of fire
130512 | Zig:23   | Killed an orb of fire
130513 | Zig:23   | Noticed an orb of fire
130514 | Zig:23   | Killed an orb of fire
130514 | Zig:23   | Killed an orb of fire
130515 | Zig:23   | Noticed an orb of fire
130515 | Zig:23   | Killed an orb of fire
130515 | Zig:23   | Reached skill level 27 in Summonings
130515 | Zig:23   | Noticed an orb of fire
130517 | Zig:23   | Noticed an orb of fire
130524 | Zig:23   | Killed an orb of fire
130525 | Zig:23   | Killed an orb of fire
130525 | Zig:23   | Killed an orb of fire
130525 | Zig:23   | Killed an orb of fire
130527 | Zig:23   | Killed an orb of fire
130624 | Zig:23   | Got a smoking wooden ring
130635 | Zig:23   | Identified the ring "Aqesa" {+Fly rPois rF- Int+9} (You found it on level 23 of a ziggurat)
130646 | Zig:24   | Entered Level 24 of a ziggurat
130671 | Zig:24   | Reached skill level 15 in Conjurations
130786 | Zig:24   | Got an ancient bronze ring
130798 | Zig:24   | Got a vibrating pewter ring
130800 | Zig:24   | Identified the ring of the Unstoppable Stars {*Tele Str-2 Int+5} (You found it on level 24 of a ziggurat)
130802 | Zig:24   | Identified the ring "Wuemiz" {Int+2 Stlth-} (You found it on level 24 of a ziggurat)
130813 | Zig:24   | Identified the Catalogue of the Blaze and the Compass
130868 | Zig:25   | Entered Level 25 of a ziggurat
131129 | Zig:25   | Got a steaming jade ring
131146 | Zig:25   | Got a faintly glowing golden ring
131157 | Zig:25   | Got a flickering tin ring
131159 | Zig:25   | Identified the ring "Kilel" {Wiz +Inv rC+} (You found it on level 25 of a ziggurat)
131161 | Zig:25   | Identified the ring of the Crushed Curses {rCorr rPois Str+2 Int+4 Dex+3} (You found it on level 25 of a ziggurat)
131222 | Zig:25   | Identified the ring of Suspicion {rF+ rC+ Str+3 Dex+2} (You found it on level 25 of a ziggurat)
131236 | Zig:25   | Got a smoking wooden ring
131248 | Zig:25   | Identified Ocuazic's Tome of Good Luck
131284 | Zig:25   | Got a faintly glowing pewter ring
131287 | Zig:25   | Got a steaming granite ring
131289 | Zig:25   | Got a ring of the Octopus King
131294 | Zig:25   | Identified a ring of the Octopus King {rCorr AC+1 EV+1 Str+1 Int+1 Dex+1} (You found it on level 25 of a ziggurat)
131298 | Zig:25   | Identified the ring "Abloesypn" {*Tele rPois MR+ Str+2 Slay+2} (You found it on level 25 of a ziggurat)
131302 | Zig:25   | Identified the ring of Darkness {Wiz -Tele rElec Int+2} (You found it on level 25 of a ziggurat)
131305 | Zig:25   | Identified the ring "Pefeanih" {Ice rPois Str+5} (You found it on level 25 of a ziggurat)
131344 | Zig:26   | Entered Level 26 of a ziggurat
131491 | Zig:26   | Got a clouded turquoise ring
131506 | Zig:26   | Got a pair of distressingly furry boots
131550 | Zig:26   | Learned a level 9 spell: Fire Storm
131560 | Zig:27   | Entered Level 27 of a ziggurat
131591 | Zig:27   | Noticed Fyoran Sal the pandemonium lord
131606 | Zig:27   | Lost mutation: You are robust. (+10% HP) [potion of cure mutation]
131606 | Zig:27   | Lost mutation: You are dopey. (Int -2) [potion of cure mutation]
131606 | Zig:27   | Lost mutation: You expend magic power (3 MP) to strengthen your wands. [potion of cure mutation]
131606 | Zig:27   | Lost mutation: You are partially covered in large bone plates. (SH +4) [potion of cure mutation]
131612 | Zig:27   | Killed Fyoran Sal the pandemonium lord
131615 | Zig:27   | Reached skill level 15 in Throwing
131757 | Zig:27   | Got an ancient platinum ring
131761 | Zig:27   | Gained mutation: Your mind is acute. (Int +2) [potion of beneficial mutation]
131777 | Zig:27   | Identified the ring "Qizxum Geam" {EV+1 SInv Stlth+} (You found it on level 26 of a ziggurat)
131779 | Zig:27   | Identified the ring "Ihoemmun" {Wiz Dex+2} (You found it on level 27 of a ziggurat)
131785 | Zig:27   | Got a glittering platinum ring
131804 | Zig:27   | Identified Ykhleor's Guide on Battle Magic
131841 | Zig:27   | Identified the cursed +0 pair of boots of Salvation {MR+ Str+2 Dex-2 SInv} (You found it on level 26 of a ziggurat)
131875 | D:1      | Identified the ring "Hep Bida" {*Drain +Fly Str+7 Int+4} (You found it on level 27 of a ziggurat)
131897 | D:1      | Learned a level 8 spell: Summon Horrible Things
131899 | Zig:1    | Entered Level 1 of a ziggurat
131922 | Zig:2    | Entered Level 2 of a ziggurat
131922 | Zig:2    | Noticed Sotur the pandemonium lord
131933 | Zig:2    | Killed Sotur the pandemonium lord
132009 | Zig:3    | Entered Level 3 of a ziggurat
132029 | Zig:4    | Entered Level 4 of a ziggurat
132063 | Zig:5    | Entered Level 5 of a ziggurat
132091 | Zig:6    | Entered Level 6 of a ziggurat
132132 | Zig:6    | Identified the Collected Works on Flames
132136 | Zig:6    | Identified the Compendium of Supportive Conjuration
132142 | Zig:7    | Entered Level 7 of a ziggurat
132142 | Zig:7    | Noticed Agrougrou's ghost (legendary MiFi)
132161 | Zig:7    | Killed Agrougrou's ghost
132194 | Zig:7    | Got a jewelled great mace
132195 | Zig:7    | Identified the +4 great mace of Fimbulwinter {flame, rElec rN+} (You found it on level 7 of a ziggurat)
132205 | Zig:8    | Entered Level 8 of a ziggurat
132236 | Zig:8    | Identified the Catalogue of the Sea
132337 | Zig:9    | Entered Level 9 of a ziggurat
132367 | Zig:9    | Got a ring of the Octopus King
132369 | Zig:9    | Identified a ring of the Octopus King {rN+ AC+1 EV+1 Str+1 Int+1 Dex+1} (You found it on level 9 of a ziggurat)
132386 | Zig:9    | Got a vibrating bone ring
132389 | Zig:9    | Identified the ring "Coicowk" {*Tele rElec Str+5 Stlth+} (You found it on level 9 of a ziggurat)
132413 | Zig:9    | Got a jewelled battleaxe
132415 | Zig:9    | Identified the +7 battleaxe of Xosog {freeze, rC+ Int+5} (You found it on level 9 of a ziggurat)
132419 | Zig:10   | Entered Level 10 of a ziggurat
132456 | Zig:10   | Got a pair of warped gloves
132467 | Zig:10   | Identified the -3 pair of gloves of the Harvest {Int+2} (You found it on level 10 of a ziggurat)
132485 | Zig:10   | Identified Ireix's Volume of Earth and the Glacier
132706 | Zig:11   | Entered Level 11 of a ziggurat
132718 | Zig:11   | Noticed Syceem the pandemonium lord
132759 | Zig:11   | Reached skill level 5 in Fire Magic
132761 | Zig:11   | Killed Syceem the pandemonium lord
132881 | Zig:12   | Entered Level 12 of a ziggurat
133104 | Zig:12   | Gained mutation: You are partially covered in iridescent scales. (AC +2) [potion of beneficial mutation]
133152 | Zig:13   | Entered Level 13 of a ziggurat
133162 | Zig:13   | Noticed an ancient lich
133165 | Zig:13   | Noticed an ancient lich
133169 | Zig:13   | Reached skill level 10 in Fire Magic
133169 | Zig:13   | Killed an ancient lich
133174 | Zig:13   | Killed an ancient lich
133191 | Zig:13   | Got a transparent lapis lazuli ring
133193 | Zig:13   | Identified the ring "Digg" {rElec rF+++ Int+4 Dex-5 Stlth-} (You found it on level 13 of a ziggurat)
133200 | Zig:13   | Got a transparent brass amulet
133222 | Zig:13   | Identified the Reference Book on Flight
133225 | Zig:13   | Identified the amulet of the Tired Gods {Reflect MR+ Dex+4 SH+4 Stlth+} (You found it on level 13 of a ziggurat)
133228 | Zig:13   | Got a pitted copper ring
133230 | Zig:13   | Identified the ring of Xujotac {Ice rPois MR- Stlth+} (You found it on level 13 of a ziggurat)
133406 | Zig:13   | Got blackened shadow dragon scales
133409 | Zig:14   | Entered Level 14 of a ziggurat
133451 | Zig:14   | Got a ring of the Octopus King
133454 | Zig:14   | Identified the Guide on Twisted Talismans
133470 | Zig:14   | Identified the Catalogue of Flight
133487 | Zig:14   | Identified the +6 shadow dragon scales of the Thistle {rPois Str+2 Stlth++++} (You found it on level 13 of a ziggurat)
133543 | Zig:15   | Entered Level 15 of a ziggurat
133564 | Zig:15   | Noticed an ancient lich
133572 | Zig:15   | Killed an ancient lich
133655 | Zig:15   | Gained mutation: You are resistant to hostile enchantments. (MR+) [potion of beneficial mutation]
133678 | Zig:15   | Got a pair of smoking boots
133689 | Zig:15   | Identified the +2 pair of boots of Bedevilment {rElec rN++} (You found it on level 15 of a ziggurat)
133716 | Zig:15   | Got a slimy amethyst amulet
133718 | Zig:15   | Identified the amulet "Bixihipn" {RegenMP MR+} (You found it on level 15 of a ziggurat)
133726 | Zig:16   | Entered Level 16 of a ziggurat
133741 | Zig:16   | Noticed an ancient lich
133744 | Zig:16   | Noticed an ancient lich
133745 | Zig:16   | Noticed an ancient lich
133748 | Zig:16   | Killed an ancient lich
133754 | Zig:16   | Killed an ancient lich
133755 | Zig:16   | Killed an ancient lich
133763 | Zig:16   | Reached skill level 15 in Fire Magic
133818 | Zig:16   | Identified Duisoxumn's Guide on Quantum Stones
133838 | Zig:16   | Gained mutation: You evolve. [potion of beneficial mutation]
133930 | Zig:16   | Got a twisted great sword
133961 | Zig:1    | Entered Level 1 of a ziggurat
133982 | Zig:2    | Entered Level 2 of a ziggurat
134011 | Zig:3    | Entered Level 3 of a ziggurat
134086 | Zig:4    | Entered Level 4 of a ziggurat
134118 | Zig:5    | Entered Level 5 of a ziggurat
134154 | Zig:6    | Entered Level 6 of a ziggurat
134159 | Zig:6    | Noticed an ancient lich
134160 | Zig:6    | Noticed an ancient lich
134166 | Zig:6    | Killed an ancient lich
134168 | Zig:6    | Killed an ancient lich
134177 | Zig:6    | Got a translucent platinum ring
134316 | Zig:7    | Entered Level 7 of a ziggurat
134374 | Zig:8    | Entered Level 8 of a ziggurat
134377 | Zig:8    | Noticed a greater mummy
134378 | Zig:8    | Noticed a greater mummy
134378 | Zig:8    | Noticed a greater mummy
134378 | Zig:8    | Noticed a greater mummy
134387 | Zig:8    | Killed a greater mummy
134389 | Zig:8    | Killed a greater mummy
134389 | Zig:8    | Killed a greater mummy
134403 | Zig:8    | Killed a greater mummy
134413 | Zig:8    | Got a heavily runed golden amulet
134591 | Zig:8    | Lost mutation: Your mind is acute. (Int +2) [evolution]
134807 | Zig:9    | Entered Level 9 of a ziggurat
134832 | Zig:9    | Got a warped battleaxe
134833 | Zig:9    | Identified the cursed +0 battleaxe "Lojiddos" {protect, rElec Str+5} (You found it on level 9 of a ziggurat)
134908 | Zig:10   | Entered Level 10 of a ziggurat
134914 | Zig:10   | Noticed a greater mummy
134915 | Zig:10   | Noticed a greater mummy
134917 | Zig:10   | Noticed a greater mummy
134917 | Zig:10   | Noticed a greater mummy
134928 | Zig:10   | Killed a greater mummy
134930 | Zig:10   | Killed a greater mummy
134932 | Zig:10   | Killed a greater mummy
134933 | Zig:10   | Killed a greater mummy
135107 | Zig:11   | Entered Level 11 of a ziggurat
135167 | Zig:11   | Got a slimy wooden ring
135169 | Zig:11   | Identified the ring of Scepticism {+Fly rPois rN+ Int+4 Dex+2} (You found it on level 6 of a ziggurat)
135171 | Zig:11   | Identified the ring "Ucsasoni" {Wiz +Inv MR+ Stlth+} (You found it on level 11 of a ziggurat)
135219 | Zig:12   | Entered Level 12 of a ziggurat
135324 | Zig:12   | Gained mutation: You are robust. (+10% HP) [potion of beneficial mutation]
135380 | Zig:13   | Entered Level 13 of a ziggurat
135429 | Zig:13   | Identified the Compendium of Flying Combat Magic
135445 | Zig:14   | Entered Level 14 of a ziggurat
135463 | Zig:14   | Reached skill level 27 in Conjurations
135512 | Zig:14   | Identified the Guide on Bewitchment
135514 | Zig:14   | Gained mutation: Your movements are slightly less encumbered by armour. (ER -2) [potion of beneficial mutation]
135523 | Zig:14   | Identified the Grimoire of Torrid Toxins
135535 | Zig:15   | Entered Level 15 of a ziggurat
135562 | Zig:15   | Identified Sif Muna's Reference Book on Fiery Translocation
135564 | Zig:16   | Entered Level 16 of a ziggurat
135638 | Zig:16   | Identified Fyost's Compendium of Creative Sinister Secrets
135784 | Zig:16   | Identified the amulet of Xom's Bemusement {Faith Dex+3} (You found it on level 8 of a ziggurat)
135824 | Zig:17   | Entered Level 17 of a ziggurat
135894 | Zig:17   | Got an ancient crystal amulet
135900 | Zig:17   | Identified the amulet "Fesue" {Inacc rC+} (You found it on level 17 of a ziggurat)
135909 | Zig:17   | Got a fine large shield
135920 | Zig:17   | Identified the +1 large shield of Boiling Hail {Str+4} (You acquired it on level 17 of a ziggurat)
135963 | Zig:18   | Entered Level 18 of a ziggurat
136007 | Zig:18   | Got a flickering turquoise ring
136017 | Zig:18   | Identified the Almanac of Aid
136118 | Zig:19   | Entered Level 19 of a ziggurat
136142 | Zig:19   | Reached skill level 27 in Fire Magic
136345 | Zig:20   | Entered Level 20 of a ziggurat
136432 | Zig:20   | Identified the ring "Kodyicru" {EV+1 Slay+2} (You found it on level 18 of a ziggurat)
136567 | Zig:21   | Entered Level 21 of a ziggurat
136719 | Zig:21   | Identified the Papyrus of Lucky Creation
136846 | Zig:22   | Entered Level 22 of a ziggurat
136910 | Zig:22   | Got a fine lapis lazuli ring
136922 | Zig:22   | Got a brightly glowing tin ring
136964 | Zig:23   | Entered Level 23 of a ziggurat
136984 | Zig:23   | Reached skill level 27 in Charms
137059 | Zig:23   | Identified Kuukkys's Tome of Calling
137081 | Zig:23   | Identified Sif Muna's Collected Works on Frigorific Air
137146 | Zig:24   | Entered Level 24 of a ziggurat
137281 | Zig:24   | Got a scorched lapis lazuli ring
137307 | Zig:24   | Learned a level 9 spell: Glaciate
137307 | Zig:24   | Reached skill level 5 in Ice Magic
137356 | Zig:24   | Identified the ring of Jezuidah {Fire rN+ Int+2} (You found it on level 22 of a ziggurat)
137357 | Zig:24   | Identified the ring "Ceankane" {*Drain rF+ MP+9 Str+6} (You found it on level 22 of a ziggurat)
137358 | Zig:24   | Identified the ring of Yjuutza {rC+ AC+2 Dex+2 Slay+5} (You found it on level 24 of a ziggurat)
137360 | Zig:25   | Entered Level 25 of a ziggurat
137385 | Zig:25   | Reached skill level 10 in Ice Magic
137453 | Zig:25   | Got a scintillating silver amulet
137455 | Zig:25   | Identified the Papyrus of Creative Weightlessness
137457 | Zig:25   | Identified the Grimoire of the Feathery Mountains
137467 | Zig:25   | Got a pitted jade amulet
137509 | Zig:25   | Identified the amulet of Tempizeudo {Gourm Fragile +Blink rC+ Dex+7} (You found it on level 25 of a ziggurat)
137510 | Zig:25   | Identified the amulet of Ticko {RegenMP +Inv} (You found it on level 25 of a ziggurat)
137519 | Zig:25   | Got a shimmering ivory ring
137521 | Zig:25   | Identified the ring "Keinniq" {Fire rPois Dex+4 Stlth-} (You found it on level 25 of a ziggurat)
137524 | Zig:25   | Reached skill level 15 in Ice Magic
137528 | Zig:26   | Entered Level 26 of a ziggurat
137613 | Zig:26   | Identified Filiack's Almanac of Earthen Translocation
137617 | Zig:26   | Got a flickering ruby amulet
137618 | Zig:26   | Identified the amulet of Macziaz {MR+ Regen+} (You found it on level 26 of a ziggurat)
137620 | Zig:26   | Identified the Catalogue of Baldness
137633 | Zig:26   | Identified the Disquisition on Venomous Flames
137724 | Zig:26   | Identified the Volume of Cold
137733 | Zig:26   | Identified the Guide on Cloudy Battle Magic
137753 | Zig:27   | Entered Level 27 of a ziggurat
137831 | Zig:27   | Got a bound bronze ring
137832 | Zig:27   | Identified the Tome of Fiery Poisoning
138031 | Zig:27   | Identified the ring of Cuufolis {rC++ Int+4} (You found it on level 27 of a ziggurat)
138090 | Zig:1    | Entered Level 1 of a ziggurat
138091 | Zig:1    | Noticed Huoruemm the pandemonium lord
138098 | Zig:1    | Killed Huoruemm the pandemonium lord
138111 | Zig:2    | Entered Level 2 of a ziggurat
138144 | Zig:3    | Entered Level 3 of a ziggurat
138181 | Zig:4    | Entered Level 4 of a ziggurat
138221 | Zig:5    | Entered Level 5 of a ziggurat
138273 | Zig:6    | Entered Level 6 of a ziggurat
138296 | Zig:6    | Identified the Volume of Enhancements and Unholy Secrets
138306 | Zig:7    | Entered Level 7 of a ziggurat
138327 | Zig:7    | Identified Syaq's Grimoire of Supportive Heat
138438 | Zig:8    | Entered Level 8 of a ziggurat
138471 | Zig:8    | Identified the Reference Book on Assistive Darkness
138479 | Zig:8    | Got a bound wooden ring
138494 | Zig:8    | Identified the ring "Yfios" {rElec rF++ AC+1 Str-3 Int+4} (You found it on level 8 of a ziggurat)
138721 | Zig:9    | Entered Level 9 of a ziggurat
138782 | Zig:10   | Entered Level 10 of a ziggurat
138788 | Zig:10   | Noticed an ancient lich
138792 | Zig:10   | Noticed an ancient lich
138796 | Zig:10   | Killed an ancient lich
138796 | Zig:10   | Reached skill level 27 in Ice Magic
138796 | Zig:10   | Reached skill level 1 in Evocations
138797 | Zig:10   | Noticed an ancient lich
138801 | Zig:10   | Killed an ancient lich
138805 | Zig:10   | Killed an ancient lich
138806 | Zig:10   | Reached skill level 5 in Evocations
138891 | Zig:11   | Entered Level 11 of a ziggurat
138894 | Zig:11   | Noticed a juggernaut
138900 | Zig:11   | Killed a juggernaut
139000 | Zig:12   | Entered Level 12 of a ziggurat
139019 | Zig:12   | Reached skill level 27 in Throwing
139131 | Zig:13   | Entered Level 13 of a ziggurat
139140 | Zig:13   | Reached skill level 10 in Evocations
139173 | Zig:13   | Got a twitching silver ring
139174 | Zig:13   | Identified the ring of Wempul {rF+ Dex+3 SInv} (You found it on level 13 of a ziggurat)
139192 | Zig:13   | Reached skill level 15 in Evocations
139207 | Zig:14   | Entered Level 14 of a ziggurat
139276 | Zig:14   | Identified the Almanac of the Volcanoes and Moulding
139285 | Zig:14   | Got an ancient brass ring
139286 | Zig:14   | Identified the ring of Light {*Tele Int+6} (You found it on level 14 of a ziggurat)
139305 | Zig:14   | Got a glittering marble ring
139310 | Zig:14   | Identified the ring of the Wild Haggis {rN+ Str+4 SInv} (You found it on level 14 of a ziggurat)
139369 | Zig:15   | Entered Level 15 of a ziggurat
139510 | Zig:15   | Identified the Handbook of the Flamy Compass
139578 | Zig:16   | Entered Level 16 of a ziggurat
139645 | Zig:16   | Got a scorched wooden ring
139646 | Zig:16   | Identified the ring of Naov {rCorr rPois rF+ Dex-5} (You found it on level 16 of a ziggurat)
139669 | Zig:16   | Got a crude broad axe
139672 | Zig:16   | Identified the cursed +2 broad axe of the Unliving {freeze, rElec MR+ Str+3 Dex+3} (You found it on level 16 of a ziggurat)
139675 | Zig:17   | Entered Level 17 of a ziggurat
139682 | Zig:17   | Noticed an ancient lich
139683 | Zig:17   | Noticed an ancient lich
139683 | Zig:17   | Noticed an ancient lich
139684 | Zig:17   | Noticed an ancient lich
139687 | Zig:17   | Noticed an ancient lich
139688 | Zig:17   | Noticed an ancient lich
139689 | Zig:17   | Noticed an ancient lich
139690 | Zig:17   | Killed an ancient lich
139692 | Zig:17   | Noticed an ancient lich
139693 | Zig:17   | Killed an ancient lich
139693 | Zig:17   | Killed an ancient lich
139696 | Zig:17   | Killed an ancient lich
139696 | Zig:17   | Killed an ancient lich
139697 | Zig:17   | Killed an ancient lich
139703 | Zig:17   | Killed an ancient lich
139710 | Zig:17   | Killed an ancient lich
139838 | Zig:17   | Identified Sif Muna's Catalogue of Feathers and Stolen Souls
139869 | Zig:17   | Identified the Handbook of the Cankerous Voyage
139890 | Zig:18   | Entered Level 18 of a ziggurat
139896 | Zig:18   | Noticed Buulavute the pandemonium lord
139896 | Zig:18   | Noticed Wimnaefa the pandemonium lord
139897 | Zig:18   | Noticed Cutoci the pandemonium lord
139897 | Zig:18   | Noticed Xibrit the pandemonium lord
139897 | Zig:18   | Noticed Siqiborr the pandemonium lord
139897 | Zig:18   | Noticed Zulaop the pandemonium lord
139897 | Zig:18   | Noticed Luasi the pandemonium lord
139899 | Zig:18   | Noticed Faupn the pandemonium lord
139900 | Zig:18   | Noticed Nonass the pandemonium lord
139901 | Zig:18   | Noticed Cesoanuh the pandemonium lord
139901 | Zig:18   | Noticed Pilerizar the pandemonium lord
139903 | Zig:18   | Noticed Hudey the pandemonium lord
139904 | Zig:18   | Noticed Dyemekk the pandemonium lord
139904 | Zig:18   | Killed Wimnaefa the pandemonium lord
139904 | Zig:18   | Killed Siqiborr the pandemonium lord
139904 | Zig:18   | Killed Zulaop the pandemonium lord
139904 | Zig:18   | Killed Cutoci the pandemonium lord
139905 | Zig:18   | Noticed Vaanargh the pandemonium lord
139905 | Zig:18   | Noticed Wymn the pandemonium lord
139906 | Zig:18   | Noticed Qifor the pandemonium lord
139906 | Zig:18   | Killed Nonass the pandemonium lord
139906 | Zig:18   | Killed Cesoanuh the pandemonium lord
139906 | Zig:18   | Reached skill level 27 in Evocations
139906 | Zig:18   | Killed Xibrit the pandemonium lord
139906 | Zig:18   | Killed Pilerizar the pandemonium lord
139906 | Zig:18   | Killed Buulavute the pandemonium lord
139906 | Zig:18   | Reached skill level 10 in Air Magic
139907 | Zig:18   | Noticed Quploem the pandemonium lord
139907 | Zig:18   | Noticed Xoapekim the pandemonium lord
139907 | Zig:18   | Noticed Pedwao the pandemonium lord
139907 | Zig:18   | Noticed Alost the pandemonium lord
139908 | Zig:18   | Killed Hudey the pandemonium lord
139908 | Zig:18   | Killed Pedwao the pandemonium lord
139908 | Zig:18   | Noticed Cytitor the pandemonium lord
139908 | Zig:18   | Noticed Keselo the pandemonium lord
139908 | Zig:18   | Killed Luasi the pandemonium lord
139912 | Zig:18   | Killed Alost the pandemonium lord
139912 | Zig:18   | Killed Dyemekk the pandemonium lord
139914 | Zig:18   | Killed Xoapekim the pandemonium lord
139921 | Zig:18   | Killed Vaanargh the pandemonium lord
139923 | Zig:18   | Killed Qifor the pandemonium lord
139924 | Zig:18   | Killed Quploem the pandemonium lord
139928 | Zig:18   | Killed Keselo the pandemonium lord
139929 | Zig:18   | Killed Faupn the pandemonium lord
139930 | Zig:18   | Killed Wymn the pandemonium lord
139932 | Zig:18   | Killed Cytitor the pandemonium lord
139943 | Zig:18   | Identified the Papyrus of Ensnaring Battle Magic
140083 | Zig:18   | Got a faintly humming plate armour
140084 | Zig:18   | Identified the +10 plate armour of Pleasant Breezes {+Blink MR+} (You acquired it on level 18 of a ziggurat)
140091 | Zig:19   | Entered Level 19 of a ziggurat
140096 | Zig:19   | Noticed Yrchil the pandemonium lord
140096 | Zig:19   | Noticed Milakoj the pandemonium lord
140096 | Zig:19   | Noticed Wodwut the pandemonium lord
140097 | Zig:19   | Noticed Unlur the pandemonium lord
140097 | Zig:19   | Noticed Punwon the pandemonium lord
140097 | Zig:19   | Noticed Ydoushue the pandemonium lord
140098 | Zig:19   | Noticed Dixomu Jibi the pandemonium lord
140098 | Zig:19   | Noticed Upsa the pandemonium lord
140098 | Zig:19   | Noticed Naekk the pandemonium lord
140098 | Zig:19   | Noticed Vaxzunt the pandemonium lord
140098 | Zig:19   | Noticed Fouqu the pandemonium lord
140101 | Zig:19   | Noticed Ufoin the pandemonium lord
140103 | Zig:19   | Noticed Vacsedix the pandemonium lord
140104 | Zig:19   | Killed Wodwut the pandemonium lord
140104 | Zig:19   | Killed Vaxzunt the pandemonium lord
140104 | Zig:19   | Reached skill level 15 in Air Magic
140104 | Zig:19   | Killed Milakoj the pandemonium lord
140105 | Zig:19   | Noticed Inats the pandemonium lord
140105 | Zig:19   | Noticed Ebiulasse the pandemonium lord
140106 | Zig:19   | Killed Fouqu the pandemonium lord
140106 | Zig:19   | Killed Ydoushue the pandemonium lord
140107 | Zig:19   | Noticed Irifom the pandemonium lord
140107 | Zig:19   | Noticed Ledik the pandemonium lord
140107 | Zig:19   | Noticed Ravuog the pandemonium lord
140108 | Zig:19   | Noticed Ydoumn the pandemonium lord
140108 | Zig:19   | Killed Ufoin the pandemonium lord
140108 | Zig:19   | Killed Unlur the pandemonium lord
140109 | Zig:19   | Noticed Uzxoam the pandemonium lord
140111 | Zig:19   | Killed Punwon the pandemonium lord
140111 | Zig:19   | Killed Dixomu Jibi the pandemonium lord
140111 | Zig:19   | Killed Vacsedix the pandemonium lord
140111 | Zig:19   | Killed Yrchil the pandemonium lord
140113 | Zig:19   | Noticed Wimatief the pandemonium lord
140114 | Zig:19   | Noticed Kudaoc the pandemonium lord
140115 | Zig:19   | Killed Naekk the pandemonium lord
140115 | Zig:19   | Killed Inats the pandemonium lord
140115 | Zig:19   | Killed Irifom the pandemonium lord
140115 | Zig:19   | Killed Upsa the pandemonium lord
140115 | Zig:19   | Killed Ydoumn the pandemonium lord
140116 | Zig:19   | Noticed Risal the pandemonium lord
140117 | Zig:19   | Noticed Kenirghegru the pandemonium lord
140118 | Zig:19   | Noticed Duopp the pandemonium lord
140119 | Zig:19   | Noticed Raifedd the pandemonium lord
140119 | Zig:19   | Noticed Ubbom the pandemonium lord
140123 | Zig:19   | Noticed Vesiroj the pandemonium lord
140123 | Zig:19   | Killed Ebiulasse the pandemonium lord
140124 | Zig:19   | Killed Kudaoc the pandemonium lord
140125 | Zig:19   | Killed Uzxoam the pandemonium lord
140130 | Zig:19   | Killed Ravuog the pandemonium lord
140131 | Zig:19   | Demolished by Raifedd the pandemonium lord

Skill      XL: |  1  2  3  4  5  6  7  8  9 10 11 12 13 14 15 16 17 18 19 20 21 22 23 24 25 26 27 |
---------------+----------------------------------------------------------------------------------+-----
Shields        | 4 5 6 7 9 10 11 12 13 14 15 16 17 18 19 20 21 27 | 27.0
Fighting       | 4 5 6 7 8 10 11 12 13 14 15 16 17 18 19 20 21 22 27 | 27.0
Axes           | 3 4 5 6 8 9 11 12 13 15 17 18 19 20 21 22 27 | 27.0
Dodging        | 1 2 3 4 5 6 7 8 9 27 | 27.0
Armour         | 4 5 6 7 8 9 10 11 12 13 27 | 27.0
Stealth        | 1 9 |  9.8
Invocations    | 4 6 8 9 11 27 | 27.0
Polearms       | 2 4 8 |  8.6
Throwing       | 1 5 7 8 27 | 27.0
Charms         | 2 4 6 7 9 27 | 27.0
Spellcasting   | 3 4 5 7 27 | 27.0
Air Magic      | 1 3 18 | 18.4
Necromancy     | 2 27 | 27.0
Earth Magic    | 3 6 8 10 11 | 11.0
Transmutations | 2 5 7 8 27 | 27.0
Translocations | 7 |  7.3
Conjurations   | 27 | 27.0
Summonings     | 27 | 27.0
Unarmed Combat | 7 |  7.1
Long Blades    | 11 | 11.3
Maces & Flails | 6 |  6.5
Hexes          | 12 | 12.2
Fire Magic     | 27 | 27.0
Ice Magic      | 27 | 27.0
Evocations     | 27 | 27.0

Action                   |  1- 3 |  4- 6 |  7- 9 | 10-12 | 13-15 | 16-18 | 19-21 | 22-24 | 25-27 || total
-------------------------+-------+-------+-------+-------+-------+-------+-------+-------+-------++-------
Melee: War axe           |    83 |   134 |   346 |   769 |   375 |       |       |       |       ||  1707
       Spear             |       |       |       |   187 |       |       |       |       |       ||   187
       Halberd           |       |       |       |       |  1021 |    11 |       |       |       ||  1032
       Trident           |       |       |       |       |    10 |       |       |       |       ||    10
       Battleaxe         |       |       |       |       |    47 |       |     3 |   583 |  9756 || 10389
       Broad axe         |       |       |       |       |   138 |   959 |  1197 |   907 |   184 ||  3385
       Bite              |       |       |       |       |       |   106 |   191 |       |       ||   297
       Executioner's axe |       |       |       |       |       |       |       |       |  1452 ||  1452
Throw: Javelin           |       |       |     1 |       |    23 |     8 |     1 |     4 |    56 ||    93
 Cast: Song of Slaying   |       |       |       |       |       |     1 |     1 |    11 |   450 ||   463
       Repel Missiles    |       |       |       |       |       |       |     2 |     3 |    21 ||    26
       Regeneration      |       |       |       |       |       |       |       |       |   332 ||   332
       Passwall          |       |       |       |       |       |       |       |       |     1 ||     1
       Necromutation     |       |       |       |       |       |       |       |       |   138 ||   138
       Fire Storm        |       |       |       |       |       |       |       |       |    54 ||    54
       Passage of Golubr |       |       |       |       |       |       |       |       |    49 ||    49
       Statue Form       |       |       |       |       |       |       |       |       |    42 ||    42
       Dragon's Call     |       |       |       |       |       |       |       |       |    23 ||    23
       Deflect Missiles  |       |       |       |       |       |       |       |       |    20 ||    20
       Glaciate          |       |       |       |       |       |       |       |       |    18 ||    18
       Silence           |       |       |       |       |       |       |       |       |     7 ||     7
       Aura of Abjuratio |       |       |       |       |       |       |       |       |     7 ||     7
       Borgnjor's Revivi |       |       |       |       |       |       |       |       |     5 ||     5
       Swiftness         |       |       |       |       |       |       |       |       |     2 ||     2
       Summon Horrible T |       |       |       |       |       |       |       |       |     1 ||     1
       Spellforged Servi |       |       |       |       |       |       |       |       |     1 ||     1
Invok: Heroism           |       |       |       |     5 |    14 |    12 |    14 |     9 |     2 ||    56
       Finesse           |       |       |       |       |     7 |     4 |     7 |     5 |     1 ||    24
       Grand Finale      |       |       |       |       |       |       |       |       |    57 ||    57
       Line Pass         |       |       |       |       |       |       |       |       |     7 ||     7
       Stomp             |       |       |       |       |       |       |       |       |     1 ||     1
 Abil: Dig               |       |     1 |     5 |    14 |    32 |    14 |    12 |    17 |    94 ||   189
       Shaft Self        |       |       |       |     1 |       |       |       |       |       ||     1
       End Transformatio |       |       |       |       |       |       |       |       |    25 ||    25
Evoke: Wand              |       |       |       |     1 |     4 |     1 |     2 |     5 |    41 ||    54
       Figurine of a zig |       |       |       |       |       |       |       |       |     4 ||     4
  Use: Potion            |       |     1 |    12 |     5 |    10 |     5 |     5 |     4 |   161 ||   203
       Scroll            |       |       |    10 |     7 |     9 |     6 |     6 |    15 |   211 ||   264
 Stab: Sleeping          |       |       |       |       |     1 |     3 |       |     3 |       ||     7
       Held in net/web   |       |       |       |       |       |     1 |       |       |       ||     1
       Distracted        |       |       |       |       |       |       |     1 |     4 |    25 ||    30
       Paralysed         |       |       |       |       |       |       |       |       |  1697 ||  1697
       Petrified         |       |       |       |       |       |       |       |       |     5 ||     5
       Confused          |       |       |       |       |       |       |       |       |     3 ||     3
  Eat: Chunk             |       |     6 |    12 |    14 |    22 |     8 |     6 |     9 |    10 ||    87
       Royal jelly       |       |       |     1 |     1 |     3 |       |       |     1 |     9 ||    15
       Meat ration       |       |       |       |     1 |     2 |     1 |     2 |     7 |    24 ||    37
       Fruit             |       |       |       |     3 |       |    21 |    10 |       |    15 ||    49
       Beef jerky        |       |       |       |     3 |       |     2 |       |     1 |    22 ||    28
       Pizza             |       |       |       |     3 |       |     1 |       |     3 |    11 ||    18
       Bread ration      |       |       |       |       |       |       |       |       |    37 ||    37
Armor: Scale mail        |    46 |    61 |   137 |   260 |   219 |       |       |       |       ||   723
       Ring mail         |       |       |       |       |   155 |    34 |       |       |       ||   189
       Chain mail        |       |       |       |       |       |   139 |       |       |       ||   139
       Plate armour      |       |       |       |       |       |    57 |   273 |   120 |   229 ||   679
       Fire dragon scale |       |       |       |       |       |       |       |   107 |    31 ||   138
       Gold dragon scale |       |       |       |       |       |       |       |       |  2157 ||  2157
       Skin              |       |       |       |       |       |       |       |       |    68 ||    68
Dodge: Dodged            |    31 |    44 |   120 |   267 |   438 |   230 |   259 |   332 |  4058 ||  5779
       Deflected         |       |       |       |       |       |       |     5 |    18 |   252 ||   275
Block: Shield            |    47 |    68 |   189 |   456 |   850 |   556 |   684 |   850 |   153 ||  3853
       Reflection        |       |       |       |       |     8 |    73 |    80 |   102 |     1 ||   264
       Large shield      |       |       |       |       |       |       |       |       | 14246 || 14246
